 Dungeon Crawl Stone Soup version 0.31-a0-339-gda1cbd555d (webtiles) character file.

Game seed: 7471625383393327527

4333866 PigKeeper the Sensei (level 27, 184/184 HPs)
             Began as a Tengu Shapeshifter on July 15, 2023.
             Was the Champion of Wu Jian.
             Escaped with the Orb
             ... and 6 runes on July 20, 2023!
             The game lasted 12:11:47 (67694 turns).

PigKeeper the Sensei (Tengu Shapeshifter)          Turns: 67694, Time: 12:11:48

Health: 184/184    AC: 25    Str: 26    XL:     27
Magic:  42/42      EV: 44    Int: 17    God:    Wu Jian [******]
Gold:   7341       SH: 19    Dex: 32    Spells: 31/52 levels left

rFire   + +          .
                       - Unarmed
rCold   . . .        L - +1 kite shield {reflect}
rNeg    + + +        u - +4 moon troll leather armour {Spirit, Regen++ MP+5}
rPois   .            J - +2 hat {Will+}
rElec   +            T - +2 cloak {rF+}
rCorr   .            R - +5 pair of gloves "Ajiluh" {rElec rF+ Int+3 Stlth+}
SInv    .            (boots unavailable)
Will    ++++.        Q - amulet "Vute" {RegenMP rN++ Dex+5}
Stlth   ++           S - ring "Nelaat" {rElec rN+ Str+6 Dex+4 Slay+3}
HPRegen 2.10/turn    c - ring "Odytoymesch" {Drain Will+ AC+4 Int+6}
MPRegen 0.68/turn

%: reflection, guardian spirit
@: flying quickly and evasively, studying Short Blades, quick
A: beak, talons 3, nimble flight, dopey 1, low MP 1, mutation resistance 1
0: Orb of Zot
}: 6/15 runes: decaying, slimy, silver, golden, abyssal, gossamer
a: Renounce Religion, Wall Jump, Serpent's Lash, Heavenly Storm


You escaped.
You worshipped Wu Jian.
Wu Jian was exalted by your worship.
You visited 13 branches of the dungeon, and saw 59 of its levels.
You visited the Abyss 1 time.
You also visited: Sewer, Bailey, Gauntlet, Volcano and Wizlab.

You collected 11648 gold pieces.
You spent 4307 gold pieces at shops.


Innate Abilities, Weirdness & Mutations

You have a beak for a mouth.
You have claws for feet.
Your magical nature lets you fly swiftly and evasively.
You are dopey. (Int -2)
Your magical capacity is low. (-10% MP)
You are somewhat resistant to further mutation.


   Skills:
 - Level 22.0 Fighting
 + Level 14.6 Throwing
 - Level 8.4 Armour
 - Level 21.0 Dodging
 - Level 7.0 Stealth
 + Level 18.9 Shields
 - Level 22.0 Unarmed Combat
 - Level 13.0 Spellcasting
 - Level 11.0 Conjurations
 + Level 8.4 Translocations
 - Level 11.0 Air Magic
 - Level 16.5 Evocations
 - Level 21.0 Shapeshifting


You had 31 spell levels left.
You knew the following spells:

 Your Spells              Type           Power      Damage    Failure   Level
f - Fulminant Prism       Conj/Hex       14%        3d8       9%          4
g - Lesser Beckoning      Tloc           78%        N/A       1%          2
i - Iskenderun's Mystic   Conj/Tloc      44%        2d10      1%          4
m - Manifold Assault      Tloc           39%        N/A       2%          4
p - Passage of Golubria   Tloc           39%        N/A       2%          4
v - Vhi's Electric Charg  Tloc/Air       88%        N/A       1%          3

Your spell library contained the following spells:

 Spells                   Type           Power      Damage    Failure   Level
 Foxfire                  Conj/Fire      100%       2x1d9     1%          1
 Kiss of Death            Conj/Necr      100%       2d13      1%          1
 Shock                    Conj/Air       100%       1d9       1%          1
 Poisonous Vapours        Pois/Air       58%        N/A       1%          2
 Searing Ray              Conj           96%        2d7       1%          2
 Static Discharge         Conj/Air       96%        2-6/arc   1%          2
 Gell's Gravitas          Tloc           39%        N/A       1%          3
 Mephitic Cloud           Conj/Pois/Air  36%        N/A       1%          3
 Swiftness                Air            48%        N/A       1%          3
 Teleport Other           Tloc           39%        N/A       1%          3
 Airstrike                Air            24%        2d(4-20)  1%          4
 Hailstorm                Conj/Ice       29%        3d8       2%          3
 Stone Arrow              Conj/Erth      58%        3d10      2%          3
 Arcjolt                  Conj/Air       24%        1d34      2%          5
 Cigotuvi's Dreadful Rot  Necr/Pois/Air  46%        N/A       3%          2
 Portal Projectile        Hex/Tloc       50%        N/A       4%          3
 Volatile Blastmotes      Fire/Tloc      50%        2d14      4%          3
 Freeze                   Ice            44%        1d6       9%          1
 Necrotise                Necr           44%        1d6       9%          1
 Sandblast                Erth           22%        2d7       9%          1
 Flame Wave               Conj/Fire      29%        2d9       9%          4
 Sticky Flame             Conj/Fire      29%        2d5       9%          4
 Summon Lightning Spire   Summ/Air       29%        N/A       9%          4
 Freezing Cloud           Conj/Ice/Air   18%        6-21      12%         5
 Passwall                 Tmut/Erth      9%         N/A       13%         2
 Scorch                   Fire           22%        2d5       13%         2
 Sublimation of Blood     Necr           11%        N/A       13%         2
 Wereblood                Tmut           11%        N/A       13%         2
 Conjure Ball Lightning   Conj/Air       24%        3x3d7     14%         6
 Call Canine Familiar     Summ           11%        N/A       26%         3
 Confusing Touch          Hex            11%        N/A       26%         3
 Frozen Ramparts          Ice            22%        1d4       26%         3
 Ignite Poison            Fire/Tmut/Pois 11%        N/A       26%         3
 Inner Flame              Hex/Fire       11%        N/A       26%         3
 Ozocubu's Armour         Ice            11%        N/A       26%         3
 Summon Guardian Golem    Hex/Summ       11%        N/A       26%         3
 Tukima's Dance           Hex            11%        N/A       26%         3
 Vampiric Draining        Necr           11%        2d6       26%         3
 Fireball                 Conj/Fire      14%        3d8       26%         5
 Irradiate                Conj/Tmut      14%        3d16      26%         5
 Silence                  Hex/Air        14%        N/A       26%         5
 Dispersal                Tloc           19%        N/A       38%         6
 Summon Forest            Summ/Tloc      12%        N/A       41%         5
 Anguish                  Hex/Necr       5%         N/A       65%         4
 Animate Armour           Summ/Erth      22%        N/A       65%         4
 Animate Dead             Necr           11%        N/A       65%         4
 Cause Fear               Hex            5%         N/A       65%         4
 Dispel Undead            Necr           11%        3d9       65%         4
 Leda's Liquefaction      Hex/Erth       5%         N/A       65%         4
 Olgreb's Toxic Radiance  Pois           11%        N/A       65%         4
 Petrify                  Tmut/Erth      11%        N/A       65%         4
 Summon Ice Beast         Ice/Summ       11%        N/A       65%         4
 Leda's Unmaking          Conj/Erth      14%        9d3       80%         6
 Plasma Beam              Fire/Air       14%        2x1d25    80%         6
 Starburst                Conj/Fire      14%        6d6       80%         6
 Agony                    Necr           11%        N/A       94%         5
 Lee's Rapid Deconstruct  Erth           5%         3d6*      94%         5
 Metabolic Englaciation   Hex/Ice        5%         N/A       94%         5
 Summon Mana Viper        Hex/Summ       11%        N/A       94%         5
 Yara's Violent Unravell  Hex/Tmut       5%         3d4       94%         5
 Maxwell's Capacitive Co  Air            24%        ∞         99%         8
 Eringya's Noxious Bog    Tmut/Pois      5%         4d6       100%        6
 Simulacrum               Ice/Necr       5%         N/A       100%        6
 Summon Cactus Giant      Summ           5%         N/A       100%        6
 Haunt                    Necr/Summ      5%         N/A       100%        7
 Malign Gateway           Summ/Tloc      12%        N/A       100%        7
 Monstrous Menagerie      Summ           5%         N/A       100%        7
 Summon Hydra             Summ           5%         N/A       100%        7
 Borgnjor's Revivificati  Necr           5%         N/A       100%        8
 Discord                  Hex            5%         N/A       100%        8
 Disjunction              Tloc           19%        N/A       100%        8
 Ignition                 Fire           5%         3d4       100%        8
 Infestation              Necr           5%         N/A       100%        8
 Lehudib's Crystal Spear  Conj/Erth      14%        10d5      100%        8
 Summon Horrible Things   Summ           5%         N/A       100%        8
 Chain Lightning          Conj/Air       24%        3d32      100%        9
 Death's Door             Necr           5%         N/A       100%        9
 Dragon's Call            Summ           5%         N/A       100%        9
 Fire Storm               Conj/Fire      14%        8d4       100%        9
 Shatter                  Erth           5%         3d8*      100%        9

Inventory:

Missiles
 o - 63 poisoned darts
 v - 6 silver boomerangs
 E - 20 silver javelins
 H - 2 throwing nets {=f!f}
 I - 17 javelins
 K - 31 boomerangs (quivered)
 P - 19 curare-tipped darts {=f}
Armour
 u - the +4 moon troll leather armour (worn) {Spirit, Regen++ MP+5}
   (You took it off a moon troll in a wizard's laboratory)

   MP:        It affects your magic capacity (+5).
   Regen:     It increases your rate of health regeneration.
 J - a +2 hat of willpower (worn)
   (You found it on level 4 of the Spider Nest)
 L - a +1 kite shield of reflection (worn)
   (You took it off a tengu warrior on level 15 of the Dungeon)
 R - the +5 pair of gloves "Ajiluh" (worn) {rElec rF+ Int+3 Stlth+}
   (You found it in a volcano)

   Int:       It affects your intelligence (+3).
   rF:        It protects you from fire.
   rElec:     It insulates you from electricity.
   Stlth:     It makes you more stealthy.
 T - a +2 cloak of fire resistance (worn)
   (You found it in a volcano)
Jewellery
 c - the ring "Odytoymesch" (right hand) {Drain Will+ AC+4 Int+6}
   (You found it on level 1 of the Crypt)

   [ring of protection]

   AC:        It affects your AC (+4).
   Int:       It affects your intelligence (+6).
   Drain:     It drains your maximum health when unequipped.
   Will:      It increases your willpower.
 C - a ring of protection from cold
   (You found it on level 2 of the Elven Halls)
 Q - the amulet "Vute" (around neck) {RegenMP rN++ Dex+5}
   (You found it on level 5 of the Pits of Slime)

   [amulet of magic regeneration]

   It increases your rate of magic regeneration.
   Dex:       It affects your dexterity (+5).
   rN:        It greatly protects you from negative energy.
 S - the ring "Nelaat" (left hand) {rElec rN+ Str+6 Dex+4 Slay+3}
   (You bought it in a shop on level 4 of the Vaults)

   [ring of strength]

   Str:       It affects your strength (+6).
   Dex:       It affects your dexterity (+4).
   Slay:      It affects your accuracy & damage with ranged weapons and melee
   (+3).
   rElec:     It insulates you from electricity.
   rN:        It protects you from negative energy.
Talismans
 g - a dragon-blood talisman
   (You found it on level 5 of the Vaults)
 j - a talisman of death
   (You found it on level 1 of the Realm of Zot)
 D - a granite talisman
   (You found it on level 3 of the Crypt)
Wands
 i - a wand of iceblast (50)
   (You found it in a Gauntlet)
 G - a wand of acid (69)
   (You took it off a centaur on level 7 of the Dungeon)
 V - a wand of paralysis (59)
   (You found it on level 4 of the Lair of Beasts)
 Y - a wand of digging (39)
   (You found it on level 4 of the Dungeon)
 Z - a wand of mindburst (67)
   (You found it on level 12 of the Dungeon)
Scrolls
 a - 13 scrolls of fear
 e - 6 scrolls of vulnerability {!r!r}
 h - 6 scrolls of blinking {!r}
 l - 12 scrolls of teleportation {@r4}
 m - 2 scrolls of silence {!r}
 r - 6 scrolls of fog
 s - a scroll of butterflies
 B - 9 scrolls of enchant armour
 F - 5 scrolls of revelation
 W - 6 scrolls of immolation {!r!r}
Potions
 b - 4 potions of magic
 n - 3 potions of invisibility
 q - 5 potions of haste {@q3}
 t - 9 potions of heal wounds {@q2}
 x - 9 potions of enlightenment
 y - 12 potions of mutation {!q}
 z - 10 potions of might
 A - 18 potions of curing {@q1}
 M - 6 potions of cancellation
 N - 3 potions of resistance
 U - 11 potions of ambrosia
 X - 2 potions of berserk rage {!q}
Miscellaneous
 d - a phantom mirror
   (You found it on level 13 of the Dungeon)
 f - a phial of floods
   (You found it on level 3 of the Lair of Beasts)
 k - a tin of tremorstones (2/2)
   (You found it on level 5 of the Lair of Beasts)
 p - a figurine of a ziggurat
 w - a lightning rod (4/4)
   (You found it on level 5 of the Lair of Beasts)
 O - a box of beasts
   (You found it on level 5 of the Lair of Beasts)

Dungeon Overview and Level Annotations

Branches:
Dungeon (15/15)            Temple (1/1) D:5            Lair (5/5) D:11
  Swamp (4/4) Lair:2       Spider (4/4) Lair:2        Slime (5/5) Lair:4
    Orc (2/2) D:12            Elf (3/3) Orc:2        Vaults (5/5) D:13
  Crypt (3/3) Vaults:3       Tomb (3/3) Crypt:3      Depths (4/4) D:15
    Zot (5/5) Depths:4      Sewer (visited)          Bailey (visited)
Volcano (visited)          WizLab (visited)         Gauntlet (visited)

Altars:
Ashenzari
Cheibriados
Dithmenos
Elyvilon
Fedhas
Gozag
Hepliaklqana
Kikubaaqudgha
Makhleb
Nemelex Xobeh
Okawaru
Qazlal
Ru
Sif Muna
Trog
Uskayaw
Vehumet
Wu Jian
Xom
Yredelemnul
Zin
The Shining One
Jiyva
Lugonu

Shops:
D:8 *   Orc:1 :   Orc:2 ([*=   Elf:2 *   Vaults:1 =   Vaults:3 :[?   Vaults:4 =
Depths:3 (   Depths:4 :

Portals:
Hell: Depths:1 Depths:2 Depths:3 Depths:4
Abyss: Depths:1 Depths:2 Depths:3 Depths:4
Pandemonium: Depths:2
Ziggurat: Depths:4

Annotations:
Elf:2 5 runed translucent doors

##### #...# #..>...#
#.....#. ....# #####
#.##.#.# ########
....# #......# ....#
#.##.### ....#
######.# ....#
#######.#8.#.# ....#
#..........#.#
..#.###8..8..8...#.#
..#...'.........@#.#
..#####8.....8...#.#
..# #..........#.#
####
##.####.#8.#.###
...####.##
#'####...# .......##
#.# #....# .......#
#.# #....# .......#
#.# #....# ##.....#
#.# #....#


There were no monsters in sight!


Message History

There is a stone staircase leading down here.
A green death comes into view. 😎 HP[+2]
Your hp is fully restored (184).
Casting: Vhi's Electric Charge (safe; 1% risk of failure)
Confirm with . or Enter, or press ? or * to list all spells.
You can't see any susceptible monsters within range! (Use Z to cast anyway.) Unknown command.
Casting: Vhi's Electric Charge (safe; 1% risk of failure)
Confirm with . or Enter, or press ? or * to list all spells.
Charge where?
Press: ? - help, Dir - move target, f - green death
Aim: a green death (94% to hit)
You charge forward with an electric crackle!
You barely miss the green death. You claw the green death.
You peck the green death!
The green death is lightly wounded.
You block the green death's attack. 😎 MP[-3]
You lost 3 mp, and now have 39/42 mp.
Unknown command.
You pound the green death into fine dust!!!
You claw the green death.
You kill the green death!
The Council accepts your kill. 😎 MP[+1]
(D) Dungeon (T) Temple (L) Lair (S) Swamp (N) Spider Nest (M) Slime Pits (O) Orcish Mines (E) Elven Halls (V) Vaults (C) Crypt (W) Tomb (U) Depths (H) Hell (Z) Zot
Where to? (Enter - D:1, ? - help)
A cacodemon and an orange demon come into view.
You punch the cacodemon! You claw the cacodemon!
You peck the cacodemon, but do no damage.
The cacodemon is moderately wounded. 😎 MP[+1]
You punch the cacodemon! You claw the cacodemon. You peck the cacodemon.
The cacodemon is heavily wounded.
You pulverise the cacodemon!!!
You kill the cacodemon!
The Council accepts your kill. 😎 MP[+1]
Your mp is fully restored (42).
You block the orange demon's attack.
You lunge at the orange demon, in a flurry of attacks.
You hit the orange demon. You claw the orange demon!
The orange demon is moderately wounded.
You barely miss the orange demon. You claw the orange demon.
You peck the orange demon!
The orange demon is heavily wounded.
You block the orange demon's attack. x2
You pummel the orange demon like a punching bag!!!
You kill the orange demon!
The Council accepts your kill.
(D) Dungeon (T) Temple (L) Lair (S) Swamp (N) Spider Nest (M) Slime Pits (O) Orcish Mines (E) Elven Halls (V) Vaults (C) Crypt (W) Tomb (U) Depths (H) Hell (Z) Zot
Where to? (Enter - D:1, ? - help)
There is a stone staircase leading up here.
You fly upwards.
There is a stone staircase leading down here.
You see here a +0 spear.
There is a stone staircase leading up here.
You fly upwards.
There is a stone staircase leading down here.
There is a stone staircase leading up here.
You fly upwards.
There is a stone staircase leading down here.
A hellion comes into view.
Casting: Vhi's Electric Charge (safe; 1% risk of failure)
Confirm with . or Enter, or press ? or * to list all spells.
Charge where?
Press: ? - help, Dir - move target, f - hellion
Aim: a hellion (89% to hit)
You charge forward with an electric crackle!
You completely miss the hellion. You claw the hellion. You peck the hellion.
The hellion is lightly wounded. 😎 MP[-3]
You lost 3 mp, and now have 39/42 mp.
You barely miss the hellion. You claw the hellion. You peck the hellion.
The hellion is heavily wounded. 😎 MP[+1]
You barely miss the hellion. Your kick misses the hellion.
Your peck misses the hellion.
The hellion is heavily wounded.
You block the hellion's attack.
You pummel the hellion!! You claw the hellion.
You kill the hellion!
The Council accepts your kill.
Magic restored. 😎 MP[+2]
Your mp is fully restored (42).
Aiming: Dig
Press: ? - help, Shift-Dir - straight line A rock wall.
This square is covered in magical glow.
The rock shatters into small pieces.
There is a staircase leading out of the dungeon here.
You have escaped!

Skill      XL: |  1  2  3  4  5  6  7  8  9 10 11 12 13 14 15 16 17 18 19 20 21 22 23 24 25 26 27 |
---------------+----------------------------------------------------------------------------------+-----
Unarmed Combat | 3 4 5 6 7 8 10 11 12 13 16 18 19 20 21 22 | 22.0
Shapeshifting  | 3 4 5 6 9 10 11 12 13 14 21 | 21.0
Armour         | 1 2 3 4 6 8 |  8.4
Fighting       | 5 7 8 10 11 12 13 14 16 17 18 19 20 22 | 22.0
Dodging        | 5 7 8 9 11 14 16 17 18 19 20 21 | 21.0
Evocations     | 2 4 5 6 8 9 16 | 16.5
Shields        | 1 3 8 10 11 12 13 14 15 17 18 | 18.9
Throwing       | 2 8 12 14 | 14.6
Stealth        | 3 5 7 |  7.0
Spellcasting   | 5 9 10 11 12 13 | 13.0
Air Magic      | 3 7 9 11 | 11.0
Conjurations   | 3 7 9 11 | 11.0
Translocations | 2 4 6 7 8 |  8.4

Action                     |  1- 3 |  4- 6 |  7- 9 | 10-12 | 13-15 | 16-18 | 19-21 | 22-24 | 25-27 || total
---------------------------+-------+-------+-------+-------+-------+-------+-------+-------+-------++-------
  Melee: Unarmed           |    54 |   134 |   216 |   300 |  1193 |  1432 |  1239 |  1722 |  2904 ||  9194
         Kick              |    12 |    25 |    67 |   101 |   459 |   605 |   629 |   882 |  1387 ||  4167
         Peck              |     6 |    23 |    35 |    56 |   279 |   391 |   393 |   568 |   884 ||  2635
         Punch             |     1 |     4 |    11 |    13 |       |       |    57 |    32 |     2 ||   120
         Maw               |       |       |       |       |       |    76 |   269 |       |       ||   345
         Tailslap          |       |       |       |       |       |       |       |       |     3 ||     3
         Bite              |       |       |       |       |       |       |       |       |     2 ||     2
  Throw: Stone             |    18 |    16 |    49 |    29 |       |    17 |    72 |    11 |       ||   212
         Dart              |       |       |     5 |    12 |     6 |     2 |     1 |     2 |       ||    28
         Boomerang         |       |       |       |    22 |    56 |    73 |    31 |       |    43 ||   225
         Javelin           |       |       |       |       |       |       |    12 |       |    10 ||    22
   Cast: Vhi's Electric Ch |       |       |       |       |       |       |       |     3 |    50 ||    53
         Manifold Assault  |       |       |       |       |       |       |       |       |     2 ||     2
 Invoke: Serpent's Lash    |       |       |       |       |     3 |     4 |     2 |     1 |     3 ||    13
         Heavenly Storm    |       |       |       |       |     2 |     3 |     1 |     4 |     4 ||    14
Ability: Begin Untransform |     1 |       |     1 |       |     2 |     1 |     2 |     1 |     2 ||    10
         Lunge             |       |       |    16 |    69 |   175 |   164 |   147 |   186 |   273 ||  1030
         Whirlwind         |       |       |       |     3 |    57 |    95 |   101 |   499 |  1008 ||  1763
         Wall Jump         |       |       |       |       |    30 |    12 |     8 |     4 |    42 ||    96
         Siphon Essence    |       |       |       |       |       |       |       |       |     1 ||     1
  Evoke: Wand              |       |       |     8 |     5 |     7 |    10 |     3 |     5 |     6 ||    44
         Lightning rod     |       |       |       |       |       |     4 |       |       |       ||     4
         Box of beasts     |       |       |       |       |       |       |     1 |       |       ||     1
    Use: Scroll            |       |     5 |     8 |     5 |    12 |     3 |    18 |     5 |    21 ||    77
         Potion            |       |     1 |     3 |     3 |     1 |     3 |     9 |     6 |     8 ||    34
   Stab: Sleeping          |     1 |     1 |       |       |    15 |    33 |    33 |    14 |    23 ||   120
         Distracted        |       |       |       |       |     4 |     6 |     2 |    11 |    12 ||    35
         Invisible         |       |       |       |       |       |    15 |       |       |       ||    15
 Armour: Animal skin       |       |     1 |       |       |       |       |       |       |       ||     1
         Chain mail        |       |     5 |    48 |    37 |       |       |       |       |       ||    90
         Skin              |       |     5 |       |       |       |    16 |    32 |       |    49 ||   102
         Leather armour    |       |     2 |       |       |       |       |       |       |       ||     2
         Ring mail         |       |       |       |     9 |   142 |   177 |       |       |       ||   328
         Troll leather arm |       |       |       |       |       |       |    25 |    74 |   164 ||   263
  Dodge: Dodged            |    22 |    46 |    61 |   116 |   326 |   816 |   541 |   873 |  2018 ||  4819
  Block: Buckler           |       |       |       |    15 |     9 |       |       |       |       ||    24
         Kite shield       |       |       |       |       |   471 |   796 |   330 |   634 |  1544 ||  3775
         Reflection        |       |       |       |       |    12 |     4 |    16 |     8 |    23 ||    63
   Form: Beast             |     1 |       |     1 |       |     1 |       |       |       |       ||     3
         Anaconda          |       |       |       |       |       |     1 |       |       |       ||     1
         Maw               |       |       |       |       |       |     1 |       |       |       ||     1
         Blade             |       |       |       |       |       |       |     1 |     1 |       ||     2
         Statue            |       |       |       |       |       |       |       |       |     1 ||     1
         Dragon            |       |       |       |       |       |       |       |       |     1 ||     1
         Death             |       |       |       |       |       |       |       |       |     1 ||     1

Levels and vault maps discovered:
D:1:      elethiomel_arrival_quiet, layout_basic, minivault_26,
          chequers_serial_rivers_small_a, hangedman_decor_clover_reticule
D:2:      layout_basic
D:3:      layout_basic, nicolae_overflow_hidden_temple,
          shapermc_ecumenical_altar_mp_vishouse, minmay_goblin_outpost,
          uniq_grinder
D:4:      layout_layer_cave, mainiacjoe_overflow_catwalk, serial_glass,
          glass_columns_a, glass_columns_a, minmay_gold_behind_fungi,
          minmay_quantized, uniq_ijyb, uniq_menkaure
D:5:      layout_basic, minmay_temple_entry_sparse_star, gup_sewer_entry_pipe,
          uniq_edmund, uniq_pikel, uniq_duvessa
D:6:      layout_layer_cave, uniq_crazy_yiuf_cottage, uniq_prince_ribbit1
D:7:      layout_basic, uniq_joseph
D:8:      layout_loops_ring, palyth_temple_overflow_mages, lemuel_doored_altar,
          mainiacjoe_overflow_cross_hatched, hangedman_decor_peaks_small,
          guppyfry_shop_venom
D:9:      layout_loops_corners
D:10:     layout_long_grid, enter_bailey_3, minmay_bent
D:11:     layout_basic, grunt_lair_entry_orc_guard_hut, uniq_psyche
D:12:     layout_loops_cross, orc_0_dummy
D:13:     layout_basic, erik_vaults_2, uniq_snorg
D:14:     layout_rooms, serial_bayou_pond_b
D:15:     hangedman_depths_entry_try_elsewhere_first, layout_stronghold,
          dreamdust_wishing_well
Temple:   compressed_dpeg_triangle_lava_temple
Lair:1:   layout_cave_pods
Lair:2:   layout_long_grid, skrybe_swamp_entry_bodies,
          nicolae_spider_entry_non_spiders, enter_volcano_3,
          infiniplex_staircase_pool, grunt_megastairs_5
Lair:3:   beast_lair_carwin_large_4, layout_regular_city
Lair:4:   layout_cave_pods, slime_entry_1, infiniplex_staircase_pool_2,
          serial_bayou_shore_a, grunt_megastairs_4
Lair:5:   gammafunk_lair_ancient_temple, layout_layer_cave,
          gauntlet_entry_generic
Swamp:1:  layout_falls_marsh, nicolae_swamp_bean_lake, swamp_pool1, uniq_jorgrun
Swamp:2:  layout_basic_swamp, nicolae_swamp_dense_foliage
Swamp:3:  layout_basic_swamp, evilmike_swamp_ruin_house_5, swamp_pool4
Swamp:4:  swamp_icy, layout_basic_swamp
Spider:1: layout_chambers, nicolae_spider_bug_shape
Spider:2: layout_spider_delve
Spider:3: layout_cave_pods, gammafunk_ghost_split, dreamdust_wasp_nest,
          nicolae_spider_cling_halls
Spider:4: spider_rune_water
Slime:1:  layout_caves
Slime:2:  layout_caves, nicolae_slime_round_cave
Slime:3:  layout_caves
Slime:4:  layout_caves, nicolae_slime_phagocytosis
Slime:5:  slime_pit_nicolae_royal_road_to_ruin
Orc:1:    cheibrodos_orc_arena, layout_caves, nicolae_shop_self_help
Orc:2:    grunt_orc_cross, layout_caves
Elf:1:    layout_loops_corners, special_room [special_room_mythical_zoo],
          hangedman_elven_crosses_minicolossus
Elf:2:    elven_hall_of_blades_hangedman_alternative
          [infiniplex_blade_entry_pillars], layout_gridlike, serial_shops,
          shop_fountains, lemuel_upstairs_altar
Elf:3:    grunt_elf_hall_diamonds, layout_loops_corners
Vaults:1: nicolae_vaults_trapezoid_4, ontoclasm_vaults_loading_screen,
          grunt_vaults_funnel, hangedman_vaults_stagger,
          nicolae_vaults_sightless_eye, nicolae_vaults_angled_halls,
          nicolae_vaults_trapezoid_4, hangedman_vaults_locks, v_misc_25,
          nicolae_vaults_diamond_1, nicolae_vaults_asterisk,
          nicolae_vaults_tetromino_Z_1, nicolae_vaults_closet_pinwheel_5,
          layout_vaults_maze, serial_shops, nicolae_shop_statue_plus
Vaults:2: nicolae_vaults_oval_intersection, v_pattern_2,
          dpeg_vaults_monster_row, v_misc_5, v_rooms_3, st_spiral_rooms,
          nicolae_vaults_closet_pinwheel_4, nicolae_vaults_six-pack,
          nicolae_vaults_theta, vaults_dpeg_spiral, layout_vaults_ring
Vaults:3: mu_enter_wizlab_1, nicolae_vaults_double_plus_2,
          nicolae_vaults_trapezoid_1, nicolae_vaults_specimen_jars,
          nicolae_vaults_closet_pinwheel_1, nicolae_vaults_closet_pinwheel_5,
          nicolae_vaults_yaktaur_gun_rack, minmay_crypt_entry_simple_walls,
          v_misc_8, nicolae_vaults_tetromino_T_2, layout_vaults_omnigrid,
          serial_shops, shop, shop, nicolae_shop_stone
Vaults:4: hangedman_vaults_corner_blocks, nicolae_vaults_more_shelving_2,
          nicolae_vaults_trapezoid_lopsided_4, nicolae_vaults_storage_closets_3,
          nicolae_vaults_windows_and_doors_thing, serial_ice_g,
          hangedman_vaults_corner_blocks, nicolae_vaults_bisected_slash,
          nicolae_vaults_heart-shaped_vault, nicolae_vaults_tetromino_Z_2,
          nicolae_vaults_trapezoid_1, nicolae_vaults_tetromino_T_2, v_misc_25,
          v_misc_17, nicolae_vaults_crenellated_ambush, layout_vaults_omnibox,
          serial_shops, nicolae_shop_hallway_plus, uniq_bai_suzhen
Vaults:5: uniq_sojobo
Crypt:1:  layout_regular_city, st_stairs_4
Crypt:2:  layout_misc_corridors, basic_altar
Crypt:3:  due_elkab, layout_chaotic_city, nicolae_tomb_entry_rubble_hallway,
          uniq_josephina
Tomb:1
Tomb:2
Tomb:3
Depths:1: layout_cave_pools, hell_entry, abyss_entry_small_statue_room,
          nicolae_uskayaw_murder_on_the_dancefloor,
          chequers_serial_rivers_micro_e, lightli_church_of_beogh,
          grunt_megastairs_1
Depths:2: grunt_deathspiral_small, layout_basic, xom_teletrap_fun,
          rand_demon_pan_entry_1, abyss_entry_flame_altar, hell_entry,
          uniq_mara, uniq_enchantress
Depths:3: nzn_winding_woodlands_cross [nzn_winding_woodlands_5x15_sidewinder,
          nzn_winding_woodlands_5x15_river_crossing,
          nzn_winding_woodlands_5x15_garden, nzn_winding_woodlands_5x15_cabin,
          nzn_winding_woodlands_15x15_five_gardens], layout_cave_pools,
          hell_entry, serial_shops, nicolae_shop_bloodbath_and_beyond,
          nicolae_ru_sacrificial_ziggurat, abyss_entry_crystal,
          grunt_dithmenos_smoke
Depths:4: grunt_x_marks_the_spot, layout_gridlike, enter_ziggurat_a, hex_medium,
          abyss_entry_glasseish, hell_entry, serial_shops,
          nicolae_shop_back_alley_shop, minmay_misc_feat_secret_circle,
          nemelex_xobeh_ov_fountains_minmay, serial_bayou_shore_b
Zot:1:    gammafunk_sealed_library, layout_twisted_circle,
          nicolae_lava_and_water
Zot:2:    layout_misc_corridors
Zot:3:    ebering_klown_carousel, layout_basic, guppyfry_library_mini,
          lemuel_elevator
Zot:4:    layout_misc_corridors
Zot:5:    layout_cathedral_of_symmetry

Notes
Turn   | Place    | Note
-------+----------+-------------------------------------------
     0 | D:1      | PigKeeper the Tengu Shapeshifter began the quest for the
                  | Orb.
     0 | D:1      | Reached XP level 1. HP: 12/12 MP: 2/2
   264 | D:1      | Reached XP level 2. HP: 17/17 MP: 3/3
   268 | D:1      | Reached skill level 3 in Unarmed Combat
   604 | D:2      | You fall into a shaft and drop 1 floor!
   713 | D:3      | Reached XP level 3. HP: 6/21 MP: 4/4
   809 | D:3      | Reached skill level 4 in Unarmed Combat
  1044 | D:2      | Reached XP level 4. HP: 26/26 MP: 5/5
  1421 | D:2      | Reached skill level 5 in Unarmed Combat
  2180 | D:2      | Gained mutation: Your magical nature lets you fly swiftly
                  | and evasively. [Tengu growth]
  2180 | D:2      | Reached XP level 5. HP: 10/30 MP: 6/6
  2520 | D:3      | Reached skill level 6 in Unarmed Combat
  2696 | D:3      | Reached skill level 3 in Shapeshifting
  2774 | D:3      | Found a sacrificial altar of Ru.
  2775 | D:3      | Found a hide-covered altar of Uskayaw.
  2872 | D:3      | Noticed Grinder
  2891 | D:4      | Reached XP level 6. HP: 35/35 MP: 7/7
  3268 | D:4      | Found a bloodstained altar of Trog.
  3348 | D:4      | You pick up a book of Winter and begin reading...
  3348 | D:4      | You add the spells Ozocubu's Armour, Metabolic Englaciation
                  | and Simulacrum to your library.
  3539 | D:4      | Noticed Menkaure
  3561 | D:4      | Killed Menkaure
  3562 | D:4      | Reached skill level 1 in Armour
  3562 | D:4      | Reached skill level 7 in Unarmed Combat
  3562 | D:4      | Reached XP level 7. HP: 22/40 MP: 8/8
  3669 | D:4      | Noticed Ijyb
  3690 | D:4      | Killed Ijyb
  3991 | D:4      | Reached skill level 4 in Shapeshifting
  4300 | D:5      | Entered Level 5 of the Dungeon
  4300 | D:5      | Noticed Duvessa
  4300 | D:5      | Noticed Dowan
  4451 | D:5      | HP: 15/60 [Duvessa/+0 rapier (7)]
  4452 | D:5      | Killed Duvessa
  4477 | D:5      | Killed Dowan
  4507 | D:5      | Noticed Pikel
  4526 | D:5      | Noticed Edmund
  4599 | D:5      | Found a glowing drain.
  4614 | Sewer    | Entered a sewer
  4646 | Sewer    | Reached skill level 8 in Unarmed Combat
  4646 | Sewer    | Reached XP level 8. HP: 44/44 MP: 9/9
  4951 | D:5      | Killed Pikel
  4952 | D:5      | Reached skill level 9 in Unarmed Combat
  4999 | D:5      | Reached skill level 10 in Unarmed Combat
  5237 | D:5      | Killed Edmund
  5293 | D:5      | Found a staircase to the Ecumenical Temple.
  5299 | Temple   | Entered the Ecumenical Temple
  5561 | Temple   | Became a worshipper of the Wu Jian Council
  5723 | D:5      | Reached skill level 2 in Armour
  5742 | D:5      | Reached XP level 9. HP: 44/49 MP: 10/10
  5923 | D:5      | Reached skill level 3 in Fighting
  6039 | D:6      | Reached skill level 5 in Shapeshifting
  6105 | D:6      | Reached skill level 3 in Dodging
  6513 | D:6      | You pick up a book of the Dragon and begin reading...
  6513 | D:6      | You add the spells Cause Fear, Fireball and Dragon's Call
                  | to your library.
  6653 | D:6      | Reached skill level 4 in Fighting
  6653 | D:6      | Reached skill level 4 in Dodging
  6790 | D:6      | Noticed Prince Ribbit
  6795 | D:6      | Killed Prince Ribbit
  6796 | D:6      | Reached skill level 11 in Unarmed Combat
  6812 | D:6      | Reached * piety under Wu Jian
  7205 | D:6      | Found a runed translucent door.
  7206 | D:6      | Noticed Crazy Yiuf
  7211 | D:6      | Killed Crazy Yiuf
  7407 | D:3      | Killed Grinder
  7408 | D:3      | Reached skill level 5 in Fighting
  7408 | D:3      | Reached skill level 5 in Dodging
  7535 | D:3      | Found a faded altar of an unknown god.
  7571 | D:3      | Found an iron altar of Okawaru.
  8031 | D:7      | Noticed Joseph
  8049 | D:7      | Killed Joseph
  8050 | D:7      | Reached XP level 10. HP: 24/60 MP: 11/11
  8202 | D:7      | You add the spells Ignite Poison, Sticky Flame and Ignition
                  | to your library.
  8225 | D:7      | Reached skill level 6 in Dodging
  8238 | D:7      | HP: 15/60 [poisoned by a killer bee]
  8243 | D:7      | HP: 12/60 [poisoned by a killer bee]
  8297 | D:7      | Reached skill level 6 in Fighting
  8594 | D:7      | Reached skill level 12 in Unarmed Combat
  8738 | D:7      | Reached skill level 7 in Dodging
  9307 | D:8      | Paralysed by a hornet for 1 turns
  9310 | D:8      | Reached skill level 3 in Armour
  9310 | D:8      | Reached skill level 1 in Evocations
  9346 | D:8      | Reached ** piety under Wu Jian
  9365 | D:8      | Found a sparkling altar of Nemelex Xobeh.
  9460 | D:8      | You add the spells Cigotuvi's Dreadful Rot and Freezing
                  | Cloud to your library.
  9746 | D:8      | Reached skill level 7 in Fighting
 10075 | D:8      | Found a hazy altar of Hepliaklqana.
 10193 | D:8      | Found Wakyetui's Serpentskin Sales.
 10199 | D:8      | Reached skill level 2 in Evocations
 10372 | D:8      | Found an ancient bone altar of Kikubaaqudgha.
 10377 | D:8      | Found a shimmering blue altar of Sif Muna.
 10386 | D:8      | Found a radiant altar of Vehumet.
 10391 | D:8      | Got Vehumet's Monograph on Bolts
 10483 | D:9      | Noticed a two-headed ogre
 10491 | D:9      | Noticed a two-headed ogre
 10499 | D:9      | Killed a two-headed ogre
 10500 | D:9      | Reached skill level 1 in Shields
 10500 | D:9      | Reached XP level 11. HP: 52/67 MP: 12/12
 10777 | D:9      | Reached skill level 4 in Armour
 10919 | D:9      | Reached *** piety under Wu Jian
 10929 | D:9      | Reached skill level 2 in Shields
 11104 | D:9      | Identified the +4 ring mail of the Black Skies {rPois rN+
                  | rCorr}
 11423 | D:10     | Entered Level 10 of the Dungeon
 11491 | D:10     | Noticed a two-headed ogre
 11553 | D:9      | Killed a two-headed ogre
 11554 | D:9      | Reached skill level 3 in Evocations
 11661 | D:10     | Found a flagged portal.
 11676 | Bailey   | Entered a bailey
 11681 | Bailey   | Noticed an orc warlord
 11813 | Bailey   | Reached skill level 8 in Dodging
 11857 | Bailey   | Found a runed translucent gate.
 11860 | Bailey   | Found a runed translucent gate.
 11862 | Bailey   | Found a runed translucent gate.
 12015 | Bailey   | Killed an orc warlord
 12016 | Bailey   | Reached skill level 1 in Throwing
 12153 | D:10     | Reached **** piety under Wu Jian
 12191 | D:10     | Upgraded the game from 0.31-a0-277-g31ea1f65cc to
                  | 0.31-a0-300-g4ac5daa9c1
 12253 | D:10     | Reached skill level 6 in Shapeshifting
 12272 | D:10     | Killed a two-headed ogre
 12273 | D:10     | Reached skill level 3 in Shields
 12384 | D:10     | Noticed a purple ugly thing
 12402 | D:10     | Killed a purple ugly thing
 12403 | D:10     | Reached skill level 2 in Throwing
 12563 | D:10     | Noticed a two-headed ogre
 12589 | D:10     | Killed a two-headed ogre
 12590 | D:10     | Reached skill level 4 in Evocations
 12726 | D:10     | Noticed a manticore
 12735 | D:10     | Killed a manticore
 12736 | D:10     | Reached skill level 13 in Unarmed Combat
 12736 | D:10     | Reached XP level 12. HP: 73/73 MP: 13/13
 12750 | D:10     | Identified the +0 robe of the Singing Gods {Harm rPois rN+
                  | Will++}
 12766 | D:10     | Noticed a two-headed ogre
 12770 | D:10     | a two-headed ogre changed into a great orb of eyes
 12770 | D:10     | Noticed a great orb of eyes (shapeshifter)
 12789 | D:10     | Paralysed by a great orb of eyes for 4 turns
 12792 | D:10     | a great orb of eyes changed into a satyr
 12792 | D:10     | Noticed a satyr (shapeshifter)
 12798 | D:10     | Reached skill level 9 in Shapeshifting
 12798 | D:10     | Reached XP level 13. HP: 32/78 MP: 14/14
 12964 | D:10     | Noticed an ettin
 12977 | D:10     | an ettin changed into a goliath frog
 12983 | D:11     | Noticed Psyche
 13193 | D:11     | Reached skill level 1 in Stealth
 13400 | D:11     | Reached skill level 8 in Fighting
 13678 | D:11     | Reached skill level 2 in Stealth
 13680 | D:11     | Reached skill level 4 in Shields
 13811 | D:11     | Reached skill level 5 in Evocations
 13912 | D:11     | Killed Psyche
 13934 | D:11     | Found a staircase to the Lair.
 14195 | Lair:1   | Entered Level 1 of the Lair of Beasts
 14329 | Lair:1   | Reached skill level 3 in Stealth
 14529 | Lair:1   | Reached skill level 10 in Shapeshifting
 14808 | Lair:1   | Reached ***** piety under Wu Jian
 14854 | Lair:1   | Reached skill level 5 in Shields
 15393 | Lair:2   | Reached skill level 6 in Shields
 15406 | Lair:2   | Found a dark tunnel.
 15457 | Volcano  | Entered a volcano
 15703 | Volcano  | Reached skill level 7 in Shields
 15717 | Volcano  | HP: 19/79 [sun demon (8)]
 15968 | Volcano  | Reached skill level 8 in Shields
 16026 | Volcano  | Found a burning altar of Makhleb.
 16030 | Volcano  | Identified the +5 pair of gloves "Ajiluh" {rElec rF+ Int+3
                  | Stlth+}
 16237 | Lair:2   | Reached XP level 14. HP: 77/84 MP: 15/15
 16292 | Lair:2   | Found a staircase to the Swamp.
 16455 | Lair:2   | Found a hole to the Spider Nest.
 16499 | Lair:2   | Reached skill level 9 in Shields
 16994 | Lair:3   | Reached skill level 14 in Unarmed Combat
 17054 | Lair:3   | You pick up a book of Frost and begin reading...
 17054 | Lair:3   | You add the spells Freeze, Frozen Ramparts and Hailstorm to
                  | your library.
 17410 | Lair:3   | Reached skill level 9 in Dodging
 17537 | Lair:3   | Reached skill level 10 in Shields
 17593 | Lair:3   | Identified the +1 rapier of Purpose {antimagic, rPois Will-
                  | rCorr}
 18296 | Lair:4   | Reached skill level 15 in Unarmed Combat
 18359 | Lair:4   | Found a staircase to the Slime Pits.
 18688 | Lair:4   | Reached ****** piety under Wu Jian
 19316 | Lair:5   | Entered Level 5 of the Lair of Beasts
 19503 | Lair:5   | Found a gate leading to a gauntlet.
 19538 | Gauntlet | Entered a Gauntlet
 19538 | Gauntlet | Found a transporter.
 19548 | Gauntlet | Found a transporter.
 19548 | Gauntlet | Found a transporter.
 19557 | Gauntlet | Found a transporter.
 19572 | Gauntlet | Found a transporter.
 19574 | Gauntlet | Found a large runed translucent door.
 19574 | Gauntlet | Found a large runed translucent door.
 19575 | Gauntlet | Found a large runed translucent door.
 19575 | Gauntlet | Found a large runed translucent door.
 19576 | Gauntlet | Found a large runed translucent door.
 19576 | Gauntlet | Found a large runed translucent door.
 19576 | Gauntlet | Found a runed translucent door.
 19576 | Gauntlet | Found a runed translucent door.
 19576 | Gauntlet | Found a large runed translucent door.
 19577 | Gauntlet | Found a transporter.
 19587 | Gauntlet | Noticed a quicksilver ooze
 19596 | Gauntlet | Found a transporter.
 19607 | Gauntlet | Found a large runed translucent door.
 19608 | Gauntlet | Found a large runed translucent door.
 19609 | Gauntlet | Found a large runed translucent door.
 19609 | Gauntlet | Found a large runed translucent door.
 19610 | Gauntlet | Found a runed translucent gate.
 19611 | Gauntlet | Found a transporter.
 19611 | Gauntlet | Found a runed translucent gate.
 19612 | Gauntlet | Found a runed translucent gate.
 19613 | Gauntlet | Found a large runed translucent door.
 19613 | Gauntlet | Found a large runed translucent door.
 19613 | Gauntlet | Noticed a quicksilver ooze
 19614 | Gauntlet | Found a large runed translucent door.
 19615 | Gauntlet | Found a large runed translucent door.
 19626 | Gauntlet | Found a transporter.
 19635 | Gauntlet | Found a transporter.
 19646 | Gauntlet | Noticed a cacodemon
 19647 | Gauntlet | Found a transporter.
 19659 | Gauntlet | Found a transporter.
 19676 | Gauntlet | Found a transporter.
 19693 | Gauntlet | Found a transporter.
 19695 | Gauntlet | Found a transporter.
 19722 | Gauntlet | Found a transporter.
 19764 | Gauntlet | Gained mutation: You sometimes lose your temper in combat.
                  | [a shining eye]
 19777 | Gauntlet | Found a transporter.
 19780 | Gauntlet | Found a transporter.
 19806 | Gauntlet | Found a large runed translucent door.
 19898 | Gauntlet | Killed a quicksilver ooze
 19899 | Gauntlet | Reached skill level 16 in Unarmed Combat
 19964 | Gauntlet | Identified the +0 long sword "Wakkug" {pain, Str+2 Stlth+}
 19965 | Gauntlet | You pick up a book of Blasting and begin reading...
 19965 | Gauntlet | You add the spells Volatile Blastmotes, Fulminant Prism and
                  | Iskenderun's Mystic Blast to your library.
 20067 | Lair:5   | Noticed a dire elephant
 20201 | Lair:5   | Reached XP level 15. HP: 83/89 MP: 16/16
 20527 | Lair:5   | Reached skill level 17 in Unarmed Combat
 21483 | D:10     | Killed a ghost moth
 21938 | D:12     | Found a staircase to the Orcish Mines.
 21948 | D:12     | Reached skill level 9 in Fighting
 22077 | D:12     | Reached skill level 18 in Unarmed Combat
 22472 | Orc:1    | Entered Level 1 of the Orcish Mines
 22520 | Orc:1    | Paralysed by an orc sorcerer for 4 turns
 22602 | Orc:1    | Found Loczec's Self-Improvement Boutique.
 22997 | Orc:2    | Entered Level 2 of the Orcish Mines
 22997 | Orc:2    | Found a staircase to the Elven Halls.
 23346 | Orc:2    | Reached skill level 6 in Evocations
 23353 | Orc:2    | Noticed an orc warlord
 23356 | Orc:2    | Noticed Urug
 23363 | Orc:2    | Killed an orc warlord
 23368 | Orc:2    | Found Leirocke's General Store.
 23368 | Orc:2    | Killed Urug
 23379 | Orc:2    | Found Ygaled Veuza's Jewellery Shoppe.
 23387 | Orc:2    | Reached skill level 10 in Fighting
 23389 | Orc:2    | Found Buoxer's Antique Armour Shoppe.
 23393 | Orc:2    | Found Guries Gaff's Antique Weapon Shoppe.
 23402 | Orc:2    | a +0 eveningstar {rare}; a +0 scale mail; the orc corpse of
                  | Urug
 23543 | Orc:2    | a +0 eveningstar {rare}; a +0 scale mail; the orc corpse of
                  | Urug
 23549 | Orc:2    | Bought a scroll of blinking for 135 gold pieces
 23549 | Orc:2    | Bought a potion of haste for 180 gold pieces
 23549 | Orc:2    | Bought a scroll of noise for 18 gold pieces
 23930 | Orc:1    | Noticed an orc warlord
 23969 | Orc:1    | Killed an orc warlord
 24131 | Orc:1    | Noticed an orc warlord
 24197 | Orc:1    | Reached XP level 16. HP: 97/97 MP: 17/17
 24321 | Orc:1    | Bought a manual of Throwing for 1040 gold pieces
 24380 | D:13     | Identified the +3 leather armour of the Equator {Harm
                  | Str+5}
 24391 | D:13     | You pick up a book of the Moon and begin reading...
 24391 | D:13     | You add the spells Passage of Golubria, Silence and
                  | Lehudib's Crystal Spear to your library.
 24463 | D:13     | Noticed Snorg
 24470 | D:13     | Killed Snorg
 24471 | D:13     | Reached skill level 3 in Throwing
 24528 | D:13     | Reached skill level 7 in Evocations
 24615 | D:13     | Found a gate to the Vaults.
 24624 | D:13     | Reached skill level 4 in Stealth
 24643 | D:13     | Reached skill level 4 in Throwing
 24843 | D:13     | You add the spells Olgreb's Toxic Radiance and Discord to
                  | your library.
 25438 | D:15     | Entered Level 15 of the Dungeon
 25445 | D:15     | Reached skill level 5 in Throwing
 25519 | D:15     | Reached skill level 5 in Stealth
 25804 | D:15     | Found a staircase to the Depths.
 25927 | D:15     | Reached skill level 6 in Throwing
 26948 | Swamp:1  | Entered Level 1 of the Swamp
 27033 | Swamp:1  | Noticed Jorgrun
 27042 | Swamp:1  | Killed Jorgrun
 27043 | Swamp:1  | Reached skill level 11 in Fighting
 27043 | Swamp:1  | Reached skill level 19 in Unarmed Combat
 27070 | Swamp:1  | Reached skill level 8 in Evocations
 27324 | Swamp:1  | Reached skill level 7 in Throwing
 27498 | Orc:1    | Bought a manual of Dodging for 1040 gold pieces
 27835 | Swamp:1  | Reached skill level 10 in Dodging
 27996 | Swamp:2  | Identified the staff "Yxtaffah" {rC+ rN+ Dex+2 Stlth+ Ice}
 28028 | Swamp:2  | Reached skill level 8 in Throwing
 28029 | Swamp:2  | Reached skill level 11 in Shields
 28093 | Swamp:2  | You pick up a book of Chaos and begin reading...
 28093 | Swamp:2  | You add the spells Conjure Ball Lightning and Disjunction
                  | to your library.
 28213 | Swamp:2  | Reached skill level 11 in Dodging
 28252 | Swamp:2  | Identified the +1 robe of Naalod {+Inv Will+ Str+5 Dex-4}
 28259 | Swamp:2  | Got the Volume of Translocated Metal
 28451 | Swamp:3  | Reached XP level 17. HP: 104/104 MP: 18/18
 28475 | Swamp:3  | Reached skill level 9 in Throwing
 28643 | Swamp:3  | Reached skill level 12 in Dodging
 28685 | Swamp:3  | Reached skill level 10 in Throwing
 29112 | Swamp:4  | Entered Level 4 of the Swamp
 29219 | Swamp:4  | Reached skill level 12 in Shields
 29267 | Swamp:4  | Reached skill level 13 in Dodging
 29475 | Swamp:4  | Reached skill level 11 in Throwing
 30158 | Swamp:4  | Got a decaying rune of Zot
 30304 | Spider:1 | Entered Level 1 of the Spider Nest
 30323 | Spider:1 | Reached skill level 14 in Dodging
 30338 | Spider:1 | Reached skill level 12 in Throwing
 31489 | Spider:1 | You pick up a book of Touch and begin reading...
 31489 | Spider:1 | You add the spells Kiss of Death, Confusing Touch and
                  | Dispel Undead to your library.
 31503 | Spider:1 | Reached XP level 18. HP: 109/110 MP: 19/19
 31756 | Spider:2 | Reached skill level 15 in Dodging
 31756 | Spider:2 | Reached skill level 13 in Shields
 31770 | Spider:2 | Reached skill level 13 in Throwing
 31828 | Spider:2 | You pick up a book of Weapons and begin reading...
 31828 | Spider:2 | You add the spells Tukima's Dance and Portal Projectile to
                  | your library.
 32464 | Spider:3 | Found a runed translucent gate.
 32464 | Spider:3 | Found a runed translucent gate.
 32464 | Spider:3 | Found a runed translucent gate.
 32470 | Spider:2 | Reached skill level 5 in Armour
 33321 | Spider:3 | Noticed Ganiyb Yfoit's ghost (adept HOBe)
 33916 | Spider:3 | Killed Ganiyb Yfoit's ghost
 33917 | Spider:3 | Reached skill level 16 in Dodging
 33985 | Spider:4 | Entered Level 4 of the Spider Nest
 34002 | Spider:4 | Reached skill level 6 in Armour
 34225 | Spider:4 | Reached skill level 14 in Throwing
 34950 | Spider:4 | Reached skill level 12 in Fighting
 35464 | Spider:4 | Reached XP level 19. HP: 116/116 MP: 7/20
 35465 | Spider:4 | Reached skill level 7 in Armour
 35568 | Spider:4 | Got a gossamer rune of Zot
 35876 | Vaults:1 | Entered Level 1 of the Vaults
 36081 | Vaults:1 | Reached skill level 17 in Dodging
 36496 | Vaults:1 | HP: 22/117 [war gargoyle/spray of metal splinters[a
                  | peacekeeper] (42)]
 36560 | Vaults:1 | Reached skill level 14 in Shields
 36669 | Vaults:1 | Found Redoagg's Jewellery Shop.
 36692 | Vaults:1 | Reached skill level 8 in Armour
 36886 | Vaults:1 | Reached skill level 20 in Unarmed Combat
 37264 | Vaults:2 | Reached skill level 13 in Fighting
 37587 | Vaults:2 | Paralysed by a formless jellyfish for 1 turns
 37828 | Vaults:2 | Reached XP level 20. HP: 122/124 MP: 21/21
 38109 | Vaults:2 | Upgraded the game from 0.31-a0-300-g4ac5daa9c1 to
                  | 0.31-a0-319-g4fced400ed
 38808 | Vaults:3 | You pick up a book of the Warp and begin reading...
 38818 | Vaults:3 | Learned a level 4 spell: Fulminant Prism
 38823 | Vaults:3 | Learned a level 4 spell: Manifold Assault
 38828 | Vaults:3 | Learned a level 4 spell: Passage of Golubria
 38833 | Vaults:3 | Learned a level 4 spell: Iskenderun's Mystic Blast
 38951 | Vaults:3 | Found Qifueghu's Magic Scroll Emporium.
 38973 | Vaults:3 | Found Nuong's Armour Shoppe.
 39002 | Vaults:3 | Found a magical portal.
 39016 | WizLab   | Entered Lehudib's Moon Base
 39035 | WizLab   | Reached skill level 9 in Evocations
 39073 | WizLab   | Found a transporter.
 39091 | WizLab   | Reached skill level 1 in Spellcasting
 39119 | WizLab   | Reached skill level 15 in Shields
 39440 | WizLab   | Reached skill level 2 in Spellcasting
 39667 | WizLab   | Identified the +1 helmet of Hide-and-Seek {rPois}
 39790 | WizLab   | Found a transporter.
 40057 | WizLab   | Reached skill level 3 in Spellcasting
 40372 | WizLab   | Gained mutation: You do not regenerate when monsters are
                  | visible. [a cacodemon]
 40373 | WizLab   | Gained mutation: Your magical capacity is low. (-10% MP) [a
                  | cacodemon]
 40379 | WizLab   | a moon troll comes into view. It is wearing the +4 moon
                  | troll leather armour {Spirit, Regen++ MP+5}.
 40381 | WizLab   | Reached skill level 14 in Fighting
 41012 | Vaults:3 | Lost mutation: Your magical capacity is low. (-10% MP)
                  | [potion of mutation]
 41012 | Vaults:3 | Lost mutation: You do not regenerate when monsters are
                  | visible. [potion of mutation]
 41012 | Vaults:3 | Lost mutation: You sometimes lose your temper in combat.
                  | [potion of mutation]
 41012 | Vaults:3 | Gained mutation: You are partially covered in iridescent
                  | scales. (AC +2) [potion of mutation]
 41012 | Vaults:3 | Gained mutation: You occasionally lose the ability to drink
                  | potions when taking damage. [potion of mutation]
 41013 | Vaults:3 | Lost mutation: You are partially covered in iridescent
                  | scales. (AC +2) [potion of mutation]
 41013 | Vaults:3 | Lost mutation: You occasionally lose the ability to drink
                  | potions when taking damage. [potion of mutation]
 41013 | Vaults:3 | Gained mutation: You are somewhat resistant to further
                  | mutation. [potion of mutation]
 41296 | Vaults:3 | Reached skill level 4 in Spellcasting
 41316 | Vaults:3 | Reached skill level 21 in Unarmed Combat
 41323 | Vaults:3 | Found Ynueprot's Book Shop.
 41383 | Vaults:3 | Identified the +8 great sword "Zufrofio" {heavy, rElec
                  | rPois Str+2}
 41398 | Vaults:3 | Noticed a curse skull
 41411 | Vaults:3 | Killed a curse skull
 41540 | Vaults:3 | Found a staircase to the Crypt.
 42156 | Vaults:4 | Reached skill level 5 in Spellcasting
 42174 | Vaults:4 | Found Xieng's Jewellery Boutique.
 42245 | Vaults:4 | Reached XP level 21. HP: 132/132 MP: 29/29
 42606 | Vaults:4 | Reached skill level 6 in Spellcasting
 42647 | Vaults:4 | Noticed Bai Suzhen
 42651 | Vaults:4 | Killed Bai Suzhen
 42652 | Vaults:4 | Reached skill level 15 in Fighting
 42888 | Vaults:4 | Reached skill level 7 in Spellcasting
 42929 | Vaults:4 | You add the spells Lesser Beckoning and Passwall to your
                  | library.
 42929 | Vaults:4 | Got the Catalogue of Altered Direction
 43655 | Slime:1  | Entered Level 1 of the Pits of Slime
 43792 | Slime:3  | Reached skill level 11 in Shapeshifting
 43951 | Slime:4  | Reached skill level 8 in Spellcasting
 44331 | Slime:5  | Entered Level 5 of the Pits of Slime
 44493 | Slime:5  | Reached skill level 16 in Fighting
 44684 | Slime:5  | Found a viscous altar of Jiyva.
 44684 | Slime:5  | Noticed the Royal Jelly
 45010 | Slime:5  | Killed the Royal Jelly
 45012 | Slime:5  | Reached skill level 9 in Spellcasting
 45026 | Slime:5  | Identified the ring "Kixtahie" {AC+4 Int+2}
 45033 | Slime:5  | You pick up a book of Blood and begin reading...
 45033 | Slime:5  | You add the spells Sublimation of Blood, Wereblood and
                  | Summon Hydra to your library.
 45041 | Slime:5  | You pick up a book of Scorching and begin reading...
 45041 | Slime:5  | You add the spells Scorch, Flame Wave and Summon Cactus
                  | Giant to your library.
 45053 | Slime:5  | You pick up a book of Death and begin reading...
 45053 | Slime:5  | You add the spells Animate Dead, Haunt and Infestation to
                  | your library.
 45055 | Slime:5  | You pick up a book of Necromancy and begin reading...
 45055 | Slime:5  | You add the spells Necrotise, Vampiric Draining and Agony
                  | to your library.
 45063 | Slime:5  | You add the spells Malign Gateway and Summon Horrible
                  | Things to your library.
 45065 | Slime:5  | Got a slimy rune of Zot
 45067 | Slime:5  | You add the spells Poisonous Vapours, Mephitic Cloud and
                  | Inner Flame to your library.
 45067 | Slime:5  | Got the Atlas of Inflammable Envenoming
 45073 | Slime:5  | Identified the amulet "Vute" {RegenMP rN++ Dex+5}
 45081 | Slime:5  | You pick up a book of Blood and begin reading...
 45089 | Slime:5  | Identified the +0 scale mail of Evvuaf {rC- Dex+5}
 45095 | Slime:5  | Got the Monograph on Violent Accompaniment
 45143 | Slime:5  | Identified the +8 short sword of Fatigue {antimagic, Will+}
 45146 | Slime:5  | Identified the +5 sling "Zoeg" {speed, rC+}
 45149 | Slime:5  | Identified the +6 arbalest of Slime {drain, rPois rF-
                  | Dex+3}
 45269 | Slime:5  | Paralysed by a formless jellyfish for 1 turns
 45273 | Slime:5  | Paralysed by a formless jellyfish for 1 turns
 45379 | Slime:5  | Reached XP level 22. HP: 138/143 MP: 36/36
 45603 | Slime:5  | HP: 34/143 [acid blob (37)]
 45986 | Depths:1 | Entered Level 1 of the Depths
 45986 | Depths:1 | Found a runed translucent door.
 46082 | Depths:1 | Found a gateway to Hell.
 46372 | Depths:1 | Reached skill level 12 in Shapeshifting
 46596 | Depths:1 | You pick up a book of Storms and begin reading...
 46596 | Depths:1 | You add the spells Static Discharge, Airstrike and Summon
                  | Lightning Spire to your library.
 46666 | Depths:1 | Found a hide-covered altar of Uskayaw.
 46668 | Depths:1 | Reached skill level 17 in Fighting
 46676 | Depths:1 | Reached skill level 10 in Spellcasting
 46864 | Depths:1 | Found a one-way gate to the infinite horrors of the Abyss.
 47030 | Depths:2 | Noticed the Enchantress
 47182 | Depths:2 | Here: the Enchantress, wielding a +4 antimagic flail,
                  | wearing the +6 faerie dragon scales {Harm rElec rCorr MP+4
                  | Dex-5} and wearing a +1 buckler of positive energy
                  | (repelling missiles)
 47182 | Depths:2 | Here: the Enchantress, wielding a +4 antimagic flail,
                  | wearing the +6 faerie dragon scales {Harm rElec rCorr MP+4
                  | Dex-5} and wearing a +1 buckler of positive energy
                  | (repelling missiles)
 47182 | Depths:2 | Aim: the Enchantress, wielding a +4 antimagic flail,
                  | wearing the +6 faerie dragon scales {Harm rElec rCorr MP+4
                  | Dex-5} and wearing a +1 buckler of positive energy
                  | (repelling missiles, 14% to hit)
 47182 | Depths:2 | Aim: the Enchantress, wielding a +4 antimagic flail,
                  | wearing the +6 faerie dragon scales {Harm rElec rCorr MP+4
                  | Dex-5} and wearing a +1 buckler of positive energy
                  | (repelling missiles, 14% to hit)
 47183 | Depths:2 | Aim: the Enchantress, wielding a +4 antimagic flail,
                  | wearing the +6 faerie dragon scales {Harm rElec rCorr MP+4
                  | Dex-5} and wearing a +1 buckler of positive energy
                  | (repelling missiles, chance to affect: 1%)
 47183 | Depths:2 | Aim: the Enchantress, wielding a +4 antimagic flail,
                  | wearing the +6 faerie dragon scales {Harm rElec rCorr MP+4
                  | Dex-5} and wearing a +1 buckler of positive energy
                  | (repelling missiles, chance to affect: 1%)
 47183 | Depths:2 | Here: the Enchantress, wielding a +4 antimagic flail,
                  | wearing the +6 faerie dragon scales {Harm rElec rCorr MP+4
                  | Dex-5} and wearing a +1 buckler of positive energy
                  | (repelling missiles)
 47183 | Depths:2 | Here: the Enchantress, wielding a +4 antimagic flail,
                  | wearing the +6 faerie dragon scales {Harm rElec rCorr MP+4
                  | Dex-5} and wearing a +1 buckler of positive energy
                  | (repelling missiles)
 47183 | Depths:2 | Aim: the Enchantress, wielding a +4 antimagic flail,
                  | wearing the +6 faerie dragon scales {Harm rElec rCorr MP+4
                  | Dex-5} and wearing a +1 buckler of positive energy
                  | (repelling missiles)
 47183 | Depths:2 | Aim: the Enchantress, wielding a +4 antimagic flail,
                  | wearing the +6 faerie dragon scales {Harm rElec rCorr MP+4
                  | Dex-5} and wearing a +1 buckler of positive energy
                  | (repelling missiles)
 47185 | Depths:2 | Killed the Enchantress
 47208 | Depths:2 | HP: 36/145 [spriggan air mage/the air[the Enchantress] (4)]
 47209 | Depths:2 | HP: 17/145 [spriggan berserker/+0 flail[the Enchantress]
                  | (27)]
 47446 | Depths:2 | Found a shimmering altar of Xom.
 47800 | Depths:2 | Reached skill level 18 in Dodging
 48107 | Depths:2 | Found a one-way gate leading to the halls of Pandemonium.
 48443 | Depths:2 | Found a corrupted altar of Lugonu.
 48444 | Depths:2 | Noticed Mara
 48485 | Depths:2 | Noticed PigKeeper's illusion
 48534 | Depths:2 | Killed Mara
 48913 | Vaults:4 | Bought the ring "Nelaat" {rElec rN+ Str+6 Dex+4 Slay+3} for
                  | 1729 gold pieces
 49172 | Depths:1 | Voluntarily entered the Abyss.
 49317 | Abyss:2  | Found a corrupted altar of Lugonu.
 49320 | Abyss:2  | Found a corrupted altar of Lugonu.
 49374 | Abyss:2  | Found a corrupted altar of Lugonu.
 49524 | Abyss:3  | Found a corrupted altar of Lugonu.
 49613 | Abyss:3  | Reached XP level 23. HP: 152/152 MP: 38/38
 49650 | Abyss:3  | Reached skill level 16 in Shields
 49697 | Abyss:3  | Reached skill level 6 in Stealth
 49761 | Abyss:3  | Got an abyssal rune of Zot
 49783 | Depths:1 | You pass through the gate.
 49783 | Depths:1 | Escaped the Abyss
 49857 | Depths:3 | Found a shadowy altar of Dithmenos.
 49987 | Depths:3 | Found a sacrificial altar of Ru.
 50074 | Depths:3 | Found Husaulokk's Weapon Shop.
 50079 | Depths:3 | Reached skill level 7 in Stealth
 50189 | Depths:3 | Reached skill level 18 in Fighting
 50237 | Depths:3 | +0 storm dragon scales {rare}; a storm dragon corpse
 50255 | Depths:3 | +0 storm dragon scales {rare}; a storm dragon corpse
 50257 | Depths:3 | +0 storm dragon scales {rare}; a storm dragon corpse
 50281 | Depths:3 | Reached skill level 19 in Dodging
 50283 | Depths:3 | +0 storm dragon scales {rare}; a storm dragon corpse
 50289 | Depths:3 | +0 storm dragon scales {rare}; a storm dragon corpse
 50368 | Depths:3 | +0 storm dragon scales {rare}; a storm dragon corpse
 50445 | Depths:3 | +0 storm dragon scales {rare}; a storm dragon corpse
 50553 | Depths:3 | +0 storm dragon scales {rare}; a storm dragon skeleton
 50556 | Depths:3 | +0 storm dragon scales {rare}; a storm dragon skeleton
 50581 | Depths:3 | +0 storm dragon scales {rare}; a storm dragon skeleton
 50917 | Depths:4 | Entered Level 4 of the Depths
 51057 | Depths:4 | Found a sparkling altar of Nemelex Xobeh.
 51111 | Depths:4 | You add the spells Vhi's Electric Charge, Arcjolt and
                  | Maxwell's Capacitive Coupling to your library.
 51116 | Depths:4 | Learned a level 3 spell: Vhi's Electric Charge
 51329 | Depths:4 | Reached skill level 1 in Air Magic
 51384 | Depths:4 | Reached skill level 1 in Conjurations
 51556 | Depths:4 | Reached skill level 1 in Translocations
 51569 | Depths:4 | Reached skill level 2 in Conjurations
 51569 | Depths:4 | Reached skill level 2 in Air Magic
 51608 | Depths:4 | Found a one-way gateway to a ziggurat.
 51638 | Depths:4 | Noticed a juggernaut
 51670 | Depths:4 | Found Zobos's Book Emporium.
 51711 | Depths:4 | Killed a juggernaut
 51734 | Depths:4 | +0 shadow dragon scales {rare}; a shadow dragon corpse
 51784 | Depths:4 | +0 shadow dragon scales {rare}; a shadow dragon corpse
 51819 | Depths:4 | Found a gate to the Realm of Zot.
 51985 | Depths:4 | +0 shadow dragon scales {rare}; a shadow dragon skeleton
 52007 | Depths:4 | +0 shadow dragon scales {rare}; a shadow dragon skeleton
 52333 | Vaults:4 | Upgraded the game from 0.31-a0-319-g4fced400ed to
                  | 0.31-a0-331-geda263fcf1
 52337 | Vaults:5 | Entered Level 5 of the Vaults
 52337 | Vaults:5 | Noticed Sojobo
 52347 | Vaults:5 | Reached skill level 3 in Conjurations
 52347 | Vaults:5 | Reached skill level 3 in Air Magic
 52357 | Vaults:5 | Reached skill level 17 in Shields
 52361 | Vaults:5 | Reached skill level 2 in Translocations
 52386 | Vaults:5 | Reached XP level 24. HP: 158/159 MP: 38/38
 52392 | Vaults:5 | Reached skill level 4 in Conjurations
 52392 | Vaults:5 | Reached skill level 4 in Air Magic
 52403 | Vaults:5 | Killed Sojobo
 52421 | Vaults:5 | Reached skill level 3 in Translocations
 52429 | Vaults:5 | Reached skill level 5 in Air Magic
 52432 | Vaults:5 | Reached skill level 5 in Conjurations
 52542 | Vaults:5 | Reached skill level 6 in Conjurations
 52543 | Vaults:5 | Reached skill level 6 in Air Magic
 52599 | Vaults:5 | Reached skill level 4 in Translocations
 52619 | Vaults:5 | Reached skill level 11 in Spellcasting
 52639 | Vaults:5 | Reached skill level 19 in Fighting
 52679 | Vaults:5 | Noticed an ancient lich
 52691 | Vaults:5 | Killed an ancient lich
 52701 | Vaults:5 | Reached skill level 20 in Dodging
 52709 | Vaults:5 | Reached skill level 7 in Conjurations
 52709 | Vaults:5 | Reached skill level 7 in Air Magic
 52847 | Vaults:5 | Identified the +1 robe of the Gastropod {Harm rC+}
 52947 | Vaults:5 | You add the spells Summon Forest and Eringya's Noxious Bog
                  | to your library.
 53279 | Vaults:5 | Identified a scroll of acquirement
 53287 | Vaults:5 | Got a silver rune of Zot
 53288 | Vaults:5 | Identified the +8 executioner's axe "Uxkue" {protect, rC+
                  | Str+2}
 53292 | Vaults:5 | Got Miarikk's Arcane Secrets of Theurgy
 53314 | Vaults:5 | You pick up a book of Alchemy and begin reading...
 53314 | Vaults:5 | You add the spells Petrify and Irradiate to your library.
 53324 | Vaults:5 | Could not pick up the +8 executioner's axe "Uxkue"
                  | {protect, rC+ Str+2, rare} here; ([A]lways) ignore it?
 53711 | Vaults:5 | Identified the +11 scimitar of Action {elec, Dex+4}
 53900 | Vaults:5 | Acquired 958 gold pieces
 53967 | Vaults:5 | You pick up a book of Winter and begin reading...
 54087 | Crypt:1  | Entered Level 1 of the Crypt
 54139 | Crypt:1  | Reached XP level 25. HP: 165/165 MP: 39/39
 54369 | Crypt:1  | You pick up a book of Changes and begin reading...
 54634 | Crypt:1  | Identified the ring "Odytoymesch" {Drain Will+ AC+4 Int+6}
 54888 | Crypt:2  | Reached skill level 5 in Translocations
 54889 | Crypt:2  | Reached skill level 8 in Conjurations
 54932 | Crypt:2  | Reached skill level 8 in Air Magic
 55274 | Crypt:2  | Found an ancient bone altar of Kikubaaqudgha.
 55525 | Crypt:3  | Entered Level 3 of the Crypt
 55525 | Crypt:3  | Noticed a curse skull
 55527 | Crypt:3  | Killed a curse skull
 55546 | Crypt:3  | Noticed a curse skull
 55585 | Crypt:3  | Killed a curse skull
 55786 | Crypt:3  | Identified the ring "Ijak Avo" {Ice rElec rCorr Str-4
                  | Slay+6}
 55786 | Crypt:3  | Noticed Josephina
 55801 | Crypt:3  | Killed Josephina
 55945 | Crypt:3  | Reached skill level 18 in Shields
 56151 | Crypt:3  | Found a staircase to the Tomb.
 56286 | Crypt:3  | You pick up a book of Beasts and begin reading...
 56286 | Crypt:3  | You add the spells Summon Ice Beast, Summon Mana Viper and
                  | Monstrous Menagerie to your library.
 56410 | Crypt:3  | Reached skill level 9 in Conjurations
 56410 | Crypt:3  | Reached skill level 9 in Air Magic
 56412 | Crypt:3  | Noticed a royal mummy
 56446 | Crypt:3  | Killed a royal mummy
 56544 | Crypt:3  | Identified the +2 orcbow of Ignis's Supremacy {freeze,
                  | rF++}
 56824 | Crypt:3  | You pick up a book of Beasts and begin reading...
 56838 | Crypt:3  | You pick up a book of Chaos and begin reading...
 56842 | Crypt:3  | You add the spells Borgnjor's Revivification and Death's
                  | Door to your library.
 56845 | Crypt:3  | You add the spells Call Canine Familiar and Anguish to your
                  | library.
 56845 | Crypt:3  | Got the Parchment of the Called Faeries
 57144 | Elf:1    | Entered Level 1 of the Elven Halls
 57167 | Elf:1    | Reached skill level 13 in Shapeshifting
 57619 | Elf:1    | Identified the +2 robe of Nece {Will+}
 57651 | Elf:1    | Upgraded the game from 0.31-a0-331-geda263fcf1 to
                  | 0.31-a0-339-gda1cbd555d
 57709 | Elf:1    | Reached skill level 6 in Translocations
 58222 | Elf:2    | Reached skill level 12 in Spellcasting
 58233 | Elf:2    | Reached XP level 26. HP: 170/173 MP: 40/40
 58431 | Elf:2    | Found Reosa's Assorted Antiques.
 58443 | Elf:2    | Bought a potion of berserk rage for 165 gold pieces
 58506 | Elf:2    | Found a huge runed translucent gate.
 58506 | Elf:2    | Found a huge runed translucent gate.
 58506 | Elf:2    | Found a huge runed translucent gate.
 58506 | Elf:2    | Found a huge runed translucent gate.
 58507 | Elf:2    | Found a huge runed translucent gate.
 58660 | Elf:3    | Entered Level 3 of the Elven Halls
 58803 | Elf:2    | Found a radiant altar of Vehumet.
 58947 | Elf:3    | Reached skill level 10 in Conjurations
 58957 | Elf:3    | Reached skill level 10 in Air Magic
 58996 | Elf:3    | Found the +7 great mace "Undeadhunter" {deathbane, rN+}
 58996 | Elf:3    | Found the +3 giant club "Skullcrusher" {speed, Str+7}
 59082 | Elf:3    | You add the spells Gell's Gravitas and Teleport Other to
                  | your library.
 59126 | Elf:3    | You pick up a book of Geomancy and begin reading...
 59126 | Elf:3    | You add the spells Sandblast and Stone Arrow to your
                  | library.
 59128 | Elf:3    | Identified the +0 crystal plate armour of the Thistle
                  | {Int-2 Dex+7}
 59129 | Elf:3    | Could not pick up the +0 crystal plate armour of the
                  | Thistle {Int-2 Dex+7, rare} here; ([A]lways) ignore it?
 59136 | Elf:3    | You pick up a book of the Earth and begin reading...
 59136 | Elf:3    | You add the spells Leda's Liquefaction, Lee's Rapid
                  | Deconstruction and Leda's Unmaking to your library.
 59142 | Elf:3    | You pick up a book of the Dragon and begin reading...
 59165 | Elf:3    | Identified the +2 pair of gloves "Qesu" {rPois Slay+5}
 59174 | Elf:3    | You add the spells Foxfire, Summon Guardian Golem and
                  | Plasma Beam to your library.
 59174 | Elf:3    | Got Wideth's Dissertation on the Charred Gang
 59177 | Elf:3    | Identified the staff of Unreason {rF+ rN+ SInv Necro}
 59241 | Elf:3    | You pick up a book of Scorching and begin reading...
 59288 | Elf:3    | Identified the +5 broad axe of the Terrible God {pain,
                  | rPois rN+ Int-4}
 60123 | Zot:1    | Entered Level 1 of the Realm of Zot
 60260 | Zot:1    | Noticed an ancient lich
 60265 | Zot:1    | Noticed an orb of fire
 60278 | Zot:1    | Found a radiant altar of Vehumet.
 60282 | Zot:1    | Found a transporter.
 60497 | Zot:1    | Learned a level 2 spell: Lesser Beckoning
 60921 | Zot:1    | Noticed an ancient lich
 60925 | Zot:1    | Killed an ancient lich
 60929 | Zot:1    | Reached skill level 20 in Fighting
 60929 | Zot:1    | Killed an ancient lich
 60929 | Zot:1    | Killed an orb of fire
 60952 | Zot:1    | Found a transporter.
 60975 | Zot:2    | Reached skill level 7 in Translocations
 60987 | Zot:2    | Noticed an orb of fire
 60990 | Zot:2    | Killed an orb of fire
 60991 | Zot:2    | Reached skill level 21 in Dodging
 60991 | Zot:2    | Reached skill level 11 in Conjurations
 60991 | Zot:2    | Reached skill level 11 in Air Magic
 61001 | Zot:2    | Reached skill level 22 in Unarmed Combat
 61039 | Zot:2    | Noticed an electric golem
 61045 | Zot:2    | Killed an electric golem
 61050 | Zot:2    | Reached skill level 14 in Shapeshifting
 61093 | Zot:2    | Identified +0 gold dragon scales
 61102 | Zot:2    | Identified +0 gold dragon scales
 61150 | Zot:2    | Reached XP level 27. HP: 179/179 MP: 40/40
 61200 | Zot:3    | You pick up a book of Armaments and begin reading...
 61216 | Zot:3    | Identified +0 gold dragon scales
 61264 | Zot:3    | Reached skill level 15 in Shapeshifting
 61268 | Zot:3    | Noticed a dread lich
 61269 | Zot:3    | Killed a dread lich
 61383 | Zot:4    | Reached skill level 16 in Shapeshifting
 61437 | Zot:5    | Entered Level 5 of the Realm of Zot
 61486 | Zot:5    | Noticed a curse toe
 61493 | Zot:5    | Killed a curse toe
 61536 | Zot:5    | Noticed an ancient lich
 61537 | Zot:5    | Noticed an electric golem
 61541 | Zot:5    | Killed an ancient lich
 61545 | Zot:5    | Killed an electric golem
 61567 | Zot:5    | Reached skill level 17 in Shapeshifting
 61582 | Zot:5    | Noticed an ancient lich
 61588 | Zot:5    | Noticed an orb of fire
 61592 | Zot:5    | Killed an ancient lich
 61601 | Zot:5    | Killed an orb of fire
 61612 | Zot:5    | +0 storm dragon scales {rare}; a storm dragon corpse
 61615 | Zot:5    | Noticed a dread lich
 61619 | Zot:5    | Killed a dread lich
 61621 | Zot:5    | Noticed a dread lich
 61628 | Zot:5    | Killed a dread lich
 61630 | Zot:5    | Noticed an ancient lich
 61634 | Zot:5    | Killed an ancient lich
 61664 | Zot:5    | Reached skill level 18 in Shapeshifting
 61664 | Zot:5    | Noticed a curse toe
 61671 | Zot:5    | Killed a curse toe
 61688 | Zot:5    | Noticed an electric golem
 61689 | Zot:5    | Noticed an orb of fire
 61691 | Zot:5    | Noticed an orb of fire
 61693 | Zot:5    | Noticed a dread lich
 61693 | Zot:5    | Noticed an ancient lich
 61693 | Zot:5    | Killed an electric golem
 61694 | Zot:5    | Gained mutation: Your magical capacity is low. (-10% MP)
                  | [an orb of fire]
 61696 | Zot:5    | Killed an orb of fire
 61697 | Zot:5    | Noticed an orb of fire
 61697 | Zot:5    | Noticed a dread lich
 61700 | Zot:5    | Gained mutation: You are dopey. (Int -2) [an orb of fire]
 61701 | Zot:5    | Killed an orb of fire
 61702 | Zot:5    | Killed an ancient lich
 61705 | Zot:5    | Killed a dread lich
 61708 | Zot:5    | Killed a dread lich
 61720 | Zot:5    | Killed an orb of fire
 61724 | Zot:5    | Noticed a dread lich
 61726 | Zot:5    | Noticed a curse toe
 61730 | Zot:5    | Reached skill level 19 in Shapeshifting
 61730 | Zot:5    | Killed a dread lich
 61736 | Zot:5    | Killed a curse toe
 61844 | Zot:5    | Identified the amulet of Icheupt {rElec Regen+ Str-5 Int+2
                  | Dex+4}
 62584 | Zot:2    | Acquired a manual of Evocations
 62825 | Zot:2    | You pick up a book of Air and begin reading...
 62932 | Zot:1    | Identified the ring of Muhifubutt {rPois rC- MP+9 SInv}
 62937 | Zot:1    | You pick up a book of Beasts and begin reading...
 62939 | Zot:1    | You pick up a book of Fire and begin reading...
 62951 | Zot:1    | You pick up a book of Annihilations and begin reading...
 62951 | Zot:1    | You add the spells Chain Lightning, Fire Storm and Shatter
                  | to your library.
 63412 | Tomb:1   | Entered Level 1 of the Tomb of the Ancients
 63816 | Tomb:1   | Noticed a royal mummy
 63838 | Tomb:1   | Killed a royal mummy
 63838 | Tomb:1   | Noticed a royal mummy
 63838 | Tomb:1   | Noticed a royal mummy
 63838 | Tomb:1   | Noticed a royal mummy
 63838 | Tomb:1   | Noticed a royal mummy
 63906 | Tomb:1   | Noticed a royal mummy
 63915 | Tomb:1   | Killed a royal mummy
 63916 | Tomb:1   | Reached skill level 20 in Shapeshifting
 64106 | Tomb:1   | Identified the +9 glaive "Goblinslayer" {heavy, *Noise
                  | *Corrode +Blink rF+++}
 64117 | Tomb:1   | Noticed a royal mummy
 64124 | Tomb:1   | Killed a royal mummy
 64579 | Tomb:2   | Noticed a royal mummy
 64579 | Tomb:2   | Noticed a royal mummy
 64584 | Tomb:2   | Noticed a royal mummy
 64584 | Tomb:2   | Noticed a royal mummy
 64608 | Tomb:2   | Killed a royal mummy
 64609 | Tomb:2   | Killed a royal mummy
 64631 | Tomb:2   | Killed a royal mummy
 64637 | Tomb:2   | Killed a royal mummy
 64637 | Tomb:2   | HP: 58/232 [something (22)]
 64677 | Tomb:1   | Noticed a royal mummy
 64677 | Tomb:1   | Noticed a royal mummy
 64678 | Tomb:1   | Noticed a royal mummy
 64678 | Tomb:1   | Noticed a royal mummy
 64678 | Tomb:1   | Noticed a royal mummy
 64678 | Tomb:1   | Noticed a royal mummy
 64678 | Tomb:1   | Noticed a royal mummy
 64686 | Tomb:1   | Killed a royal mummy
 64687 | Tomb:1   | Reached skill level 21 in Shapeshifting
 64690 | Tomb:1   | Noticed a royal mummy
 64691 | Tomb:1   | Noticed a royal mummy
 64694 | Tomb:1   | HP: 43/232 [royal mummy (21)]
 64694 | Tomb:1   | HP: 20/232 [emperor scorpion[a royal mummy] (2)]
 65159 | Tomb:1   | Noticed a royal mummy
 65198 | Tomb:1   | Killed a royal mummy
 65226 | Tomb:1   | Noticed a royal mummy
 65278 | Tomb:1   | Reached skill level 10 in Evocations
 65351 | Tomb:1   | Killed a royal mummy
 65351 | Tomb:1   | Killed a royal mummy
 65351 | Tomb:1   | Killed a royal mummy
 65351 | Tomb:1   | Killed a royal mummy
 65351 | Tomb:1   | Killed a royal mummy
 65351 | Tomb:1   | Killed a royal mummy
 65351 | Tomb:1   | Killed a royal mummy
 65352 | Tomb:1   | Reached skill level 11 in Evocations
 65359 | Tomb:1   | Noticed a royal mummy
 65368 | Tomb:1   | Killed a royal mummy
 65368 | Tomb:1   | Killed a royal mummy
 65368 | Tomb:1   | Killed a royal mummy
 65369 | Tomb:1   | Reached skill level 12 in Evocations
 65369 | Tomb:1   | Killed a royal mummy
 65371 | Tomb:1   | Killed a royal mummy
 65450 | Tomb:1   | Killed a royal mummy
 65481 | Tomb:1   | Noticed a royal mummy
 65497 | Tomb:1   | Killed a royal mummy
 65533 | Tomb:1   | Killed a royal mummy
 65534 | Tomb:1   | Reached skill level 13 in Evocations
 65564 | Tomb:1   | Reached skill level 21 in Fighting
 65740 | Tomb:3   | Entered Level 3 of the Tomb of the Ancients
 65754 | Tomb:3   | Reached skill level 14 in Evocations
 65766 | Tomb:3   | Noticed a royal mummy
 65772 | Tomb:3   | Noticed a royal mummy
 65788 | Tomb:3   | Noticed a royal mummy
 65791 | Tomb:3   | Noticed a royal mummy
 65795 | Tomb:3   | Noticed a royal mummy
 65803 | Tomb:3   | Killed a royal mummy
 65804 | Tomb:3   | Reached skill level 15 in Evocations
 65808 | Tomb:3   | Killed a royal mummy
 65809 | Tomb:3   | Killed a royal mummy
 65834 | Tomb:3   | Reached skill level 16 in Evocations
 65837 | Tomb:3   | Noticed a royal mummy
 65841 | Tomb:3   | Noticed a royal mummy
 65843 | Tomb:3   | Killed a royal mummy
 65856 | Tomb:3   | Noticed a royal mummy
 65857 | Tomb:3   | Reached skill level 22 in Fighting
 65864 | Tomb:3   | Noticed Khufu
 65872 | Tomb:3   | Killed a royal mummy
 65876 | Tomb:3   | Killed a royal mummy
 65896 | Tomb:3   | Killed a royal mummy
 65907 | Tomb:3   | Killed Khufu
 65908 | Tomb:3   | Killed a royal mummy
 65909 | Tomb:3   | Reached skill level 8 in Translocations
 65935 | Tomb:3   | You pick up a book of the Earth and begin reading...
 65992 | Tomb:3   | Identified the amulet of Ode Vic {RegenMP Drain rPois rF+
                  | Dex+2}
 65996 | Tomb:3   | You pick up a book of the Hunter and begin reading...
 65999 | Tomb:3   | Identified the +8 flail of Watchfulness {venom, rN+}
 66026 | Tomb:3   | Identified the ring of Egomania {rPois rF++ rC+}
 66027 | Tomb:3   | Identified the +8 arbalest of the New World {penet, rPois
                  | rC+ rCorr}
 66041 | Tomb:3   | Got the Precepts of the Old and Reckless
 66044 | Tomb:3   | Got the Precepts of Gases
 66047 | Tomb:3   | Identified the amulet of the Median {Spirit Fragile rN+
                  | Int+3}
 66171 | Tomb:3   | You pick up a book of the Earth and begin reading...
 66334 | Tomb:3   | Got a golden rune of Zot
 67154 | Zot:5    | Got the Orb of Zot
 67168 | Zot:5    | Noticed Jumepea the pandemonium lord
 67337 | Depths:1 | Reached skill level 13 in Spellcasting
 67473 | D:11     | Noticed Iwkyiw the pandemonium lord
 67473 | D:11     | Noticed an ancient lich
 67694 | D:$      | Escaped with the Orb!

Vanquished Creatures
  the Royal Jelly (Slime:5)
  Khufu (Tomb:3)
  6 dread liches
  6 orbs of fire
  7 ancient liches
  Mara (Depths:2)
  33 royal mummies
  A juggernaut (Depths:4)
  Sojobo (Vaults:5)
  Josephina (Crypt:3)
  7 Killer Klowns
  Bai Suzhen (Vaults:4)
  3 curse toes (Zot:5)
  8 golden dragons
  the Enchantress (Depths:2)
  3 electric golems
  A Tzitzimitl (Depths:1)
  Jorgrun (Swamp:1)
  A Hell Sentinel (D:9)
  10 liches
  16 tentacled monstrosities
  A walking earthen tome (Depths:3)
  28 Orb Guardians
  A moon troll (WizLab)
  2 deep elf master archers (Elf:3)
  7 quicksilver dragons
  4 titans
  2 deep elf blademasters (Elf:3)
  12 tentacled starspawn
  22 acid blobs
  17 sphinxes
  14 ancient champions
  9 death cobs
  The ghost of Ganiyb Yfoit the Impaler, an adept HOBe of Trog (Spider:3)
  2 thorn hunters
  13 shadow dragons
  8 draconian monks
  7 tengu reavers (Vaults:5)
  A fenstrider witch (Swamp:3)
  18 storm dragons
  10 rockslimes
  9 azure jellies
  3 revenants
  8 fire giants
  5 emperor scorpions
  8 draconian knights
  2 iron dragons
  18 vault wardens
  7 deep elf sorcerers
  9 ghost moths
  A caustic shrike zombie (Crypt:2)
  13 frost giants
  8 draconian scorchers
  5 draconian shifters
  A ghost moth (shapeshifter) (D:10)
  5 deep elf elementalists (Elf:3)
  3 curse skulls
  23 very ugly things
  3 draconian annihilators
  6 draconian stormcallers
  12 quicksilver oozes
  13 ironbound preservers
  6 ghouls
  6 orc warlords
  4 cacodemons
  6 ironbound thunderhulks
  6 formless jellyfish
  3 spriggan defenders
  5 war gargoyles
  2 reapers (Crypt:3)
  27 stone giants
  6 eleionomae
  4 broodmothers
  A lorocyproca (Abyss:3)
  5 yellow draconians
  10 black draconians
  3 vampire knights
  8 red draconians
  5 bunyips
  5 purple draconians
  14 green draconians
  3 deep elf demonologists
  7 dire elephants
  8 white draconians
  9 deep elf annihilators
  14 spark wasps
  24 bennus
  7 fire dragons
  8 ettins
  A minotaur (Gauntlet)
  A blizzard demon (Depths:2)
  2 crystal guardians
  A green death (D:4)
  2 eidola
  Snorg (D:13)
  12 jiangshi
  5 deep elf death magi
  29 mummy priests
  3 spriggan zombies
  12 great orbs of eyes
  2 deep elf high priests (Elf:3)
  11 yaktaur captains
  An elf skeleton (Tomb:2)
  A quicksilver dragon zombie (Tomb:3)
  35 vault guards
  3 entropy weavers
  13 ice dragons
  2 jorogumos
  14 hydras
  3 ogre magi (Vaults:5)
  A hydra (shapeshifter) (Vaults:5)
  6 ironbound frosthearts
  7 spriggan air magi
  A quicksilver dragon skeleton (Tomb:1)
  4 rakshasas
  An anaconda (shapeshifter) (D:15)
  A merfolk avatar (Lair:5)
  16 centaur warriors
  A hell beast (Elf:1)
  A caustic shrike simulacrum (Crypt:3)
  2 radroaches
  2 peacekeepers
  15 dancing weapons
  58 death scarabs
  4 deep troll shamans
  6 boulder beetles
  13 two-headed ogres
  5 ghost crabs
  4 hell hogs (D:9)
  11 alligators
  A death knight (Crypt:3)
  4 death yaks (Lair:3)
  6 thrashing horrors
  3 orc high priests
  10 tengu warriors
  5 deep troll earth magi
  10 demonic crawlers
  5 spriggan berserkers
  9 hell knights
  11 vampire magi
  Urug (Orc:2)
  A sun demon (Volcano)
  2 wretched stars
  3 soul eaters
  6 deep elf knights
  5 pharaoh ants
  34 skeletal warriors
  2 skysharks (Lair:5)
  3 shadow wraiths
  4 goliath frogs
  3 sixfirhies
  21 deep trolls
  3 sea snakes (Lair:5)
  A shadow demon (D:15)
  2 deep trolls (shapeshifter)
  A storm dragon skeleton (Tomb:1)
  A golden dragon zombie (Tomb:3)
  5 iron trolls
  An orange crystal statue (WizLab)
  3 spriggan druids
  11 orb spiders
  13 bog bodies
  7 flayed ghosts
  8 deep elf archers
  An anaconda skeleton (Tomb:3)
  12 glowing orange brains
  15 wizards
  7 necromancers
  9 harpies
  5 swamp dragons
  30 ironbound convokers
  31 ugly things
  6 steelbarb worms
  4 lindwurms
  12 deep elf pyromancers
  10 orc knights
  Pikel (D:5)
  A shining eye (Gauntlet)
  9 phantasmal warriors
  13 deep elf zephyrmancers
  10 orc sorcerers
  4 cyclopes
  19 wolf spiders
  30 moths of wrath
  4 will-o-the-wisps
  2 large abominations (Abyss:3)
  A worldbinder (Abyss:3)
  13 manticores
  A stone giant skeleton (Tomb:1)
  A rust devil (Abyss:3)
  10 elephants
  Joseph (D:7)
  A frost giant skeleton (Crypt:3)
  An apocalypse crab (Abyss:3)
  26 vault sentinels
  6 black mambas
  A gargoyle (D:10)
  A guardian serpent (shapeshifter) (Vaults:5)
  A torpor snail (shapeshifter) (Depths:4)
  3 eyes of devastation (WizLab)
  A guardian serpent (Abyss:3)
  16 cane toads
  7 torpor snails
  A green draconian zombie (Crypt:2)
  2 orange demons
  2 smoke demons
  An efreet (D:15)
  Psyche (D:11)
  A rime drake (Lair:5)
  A dire elephant skeleton (Crypt:1)
  A death yak zombie (Crypt:2)
  An unseen horror (D:11)
  A catoblepas zombie (Crypt:2)
  A shock serpent skeleton (Crypt:2)
  11 yaktaurs
  13 komodo dragons
  10 freezing wraiths
  A black draconian skeleton (Crypt:1)
  2 hellions
  4 ancient zymes
  A kobold demonologist (Abyss:3)
  4 tengu conjurers
  A red devil (Depths:2)
  A hellwing (Depths:2)
  A catoblepas skeleton (Crypt:1)
  A queen bee (Gauntlet)
  A troll (shapeshifter) (Depths:4)
  2 harpy zombies (Tomb:3)
  66 guardian mummies
  9 trolls
  A bloated husk (Swamp:2)
  A merfolk (shapeshifter) (Vaults:4)
  11 polar bears
  4 meliai
  10 tyrant leeches
  Prince Ribbit (D:6)
  A shadow dragon simulacrum (Crypt:3)
  17 hornets
  A hydra skeleton (Crypt:3)
  8 raiju
  Grinder (D:3)
  2 snapping turtles (Lair:5)
  19 tarantellas
  15 blink frogs
  8 spriggans
  A fire dragon skeleton (Crypt:2)
  30 jumping spiders
  90 slime creatures
  2 air elementals (Elf:3)
  12 flying skulls
  A naga simulacrum (Crypt:3)
  A black mamba zombie (Tomb:2)
  9 wraiths
  19 culicivoras
  A shadow (D:10)
  An ettin skeleton (Tomb:1)
  47 yaks
  A centaur simulacrum (D:15)
  An ice dragon skeleton (Crypt:1)
  8 wyverns
  6 fire bats (Volcano)
  A ynoxinul (Abyss:3)
  A fire elemental (Elf:3)
  12 water elementals
  22 ushabtiu
  2 steam dragons
  2 black mamba skeletons
  A golden eye (Gauntlet)
  7 starcursed masses
  6 basilisks
  2 swamp worm simulacra (Swamp:4)
  35 redbacks
  3 neqoxecs
  A chaos spawn (Depths:2)
  Menkaure (D:4)
  Edmund (D:5)
  A naga zombie (Tomb:3)
  13 vampire mosquitoes
  4 wargs
  A harpy simulacrum (Crypt:3)
  14 swamp worms
  5 acid dragons
  A demonspawn zombie (Crypt:2)
  14 water moccasins
  2 entropy weaver zombies (Crypt:1)
  2 floating eyes
  14 hell hounds
  Duvessa (D:5)
  16 hydra simulacra
  10 black bears
  A demonspawn skeleton (Crypt:1)
  A water nymph skeleton (Crypt:3)
  An ettin simulacrum (Crypt:3)
  46 orc warriors
  2 ice beasts
  3 boggarts (D:15)
  An elephant zombie (Crypt:3)
  10 ogres
  15 wolves
  9 centaurs
  2 lemures (D:5)
  A swamp dragon skeleton (Crypt:2)
  A phantom (D:5)
  4 kobold brigands
  4 necrophages
  7 bullfrogs
  A draconian zombie (Crypt:2)
  14 scorpions
  4 gnoll sergeants
  3 earth elementals
  A wyvern skeleton (Crypt:3)
  5 wights (D:6)
  2 small abominations (Abyss:3)
  Dowan (D:5)
  11 killer bees
  2 spriggan skeletons
  11 howler monkeys
  9 lava snakes (Volcano)
  Crazy Yiuf (D:6)
  7 hounds
  5 jellies
  17 orc priests
  2 iguanas (D:5)
  A sleepcap (D:6)
  33 orc wizards
  Ijyb (D:4)
  A hell rat (Elf:1)
  A boggart skeleton (Crypt:3)
  A killer bee zombie (Crypt:3)
  A sky beast zombie (Crypt:3)
  A deep dwarf skeleton (Crypt:1)
  42 mummies
  29 gnolls
  7 adders
  2 shadow imps
  4 white imps
  6 swamp drake simulacra (Swamp:4)
  A worm zombie (Crypt:3)
  An iguana skeleton (Crypt:1)
  3 worms
  5 dart slugs
  89 orcs
  5 ball pythons
  8 bats
  A bat zombie (Crypt:3)
  9 endoplasms
  5 giant cockroaches
  17 goblins
  17 hobgoblins
  2 jackals (D:3)
  49 kobolds
  3 quokkas (D:5)
  A river rat zombie (Crypt:2)
  3 frilled lizards
  4 rats
  A lurking horror (Abyss:3)
  5 starspawn tentacles
2730 creatures vanquished.

Vanquished Creatures (collateral kills)
  A tentacled starspawn (WizLab)
1 creature vanquished.

Vanquished Creatures (others)
  An ancient champion (Tomb:3)
  A draconian shifter (Zot:1)
  A draconian annihilator (Depths:4)
  2 deep elf zephyrmancers
  A tyrant leech (Swamp:3)
  A bloated husk (Swamp:4)
  A culicivora (Spider:3)
  2 hydra simulacra (Swamp:4)
  4 foxfires (Swamp:3)
  24 starspawn tentacles
38 creatures vanquished.

Grand Total: 2769 creatures vanquished

Table legend:
 A = Non-vault XP
 B = Vault XP
 C = Vault XP percentage of total XP
 D = Non-vault monster count
 E = Vault monster count
 F = Vault count percentage of total count
                 A         B        C        D         E       F
            +---------+---------+-------+---------+---------+-------
      Total |  831674 |  939533 |  53.0 |    1589 |    1093 |  40.8
            +---------+---------+-------+---------+---------+-------
        D:1 |      19 |       0 |   0.0 |      11 |       0 |   0.0
        D:2 |     147 |       0 |   0.0 |      26 |       0 |   0.0
        D:3 |     138 |     284 |  67.3 |      17 |       7 |  29.2
        D:4 |     321 |     253 |  44.1 |      24 |       5 |  17.2
        D:5 |     506 |     995 |  66.3 |      13 |       8 |  38.1
        D:6 |    1230 |     327 |  21.0 |      26 |       2 |   7.1
        D:7 |    2508 |     496 |  16.5 |      24 |       2 |   7.7
        D:8 |    1461 |     342 |  19.0 |      37 |       9 |  19.6
        D:9 |    3509 |       0 |   0.0 |      22 |       0 |   0.0
       D:10 |    3149 |    3611 |  53.4 |      25 |      11 |  30.6
       D:11 |    5362 |     901 |  14.4 |      21 |       6 |  22.2
       D:12 |    8167 |       0 |   0.0 |      24 |       0 |   0.0
       D:13 |    1744 |    7854 |  81.8 |       6 |       9 |  60.0
       D:14 |    4656 |     703 |  13.1 |      15 |       2 |  11.8
       D:15 |   10737 |    3108 |  22.4 |      26 |       4 |  13.3
     Lair:1 |    7762 |       0 |   0.0 |      27 |       0 |   0.0
     Lair:2 |    8223 |    3233 |  28.2 |      33 |      14 |  29.8
     Lair:3 |   10434 |    2824 |  21.3 |      31 |      14 |  31.1
     Lair:4 |    1412 |    2595 |  64.8 |       4 |      10 |  71.4
     Lair:5 |    7291 |    9110 |  55.5 |      25 |      19 |  43.2
    Swamp:1 |    9101 |    1831 |  16.7 |      16 |       1 |   5.9
    Swamp:2 |   11462 |       0 |   0.0 |      24 |       0 |   0.0
    Swamp:3 |   19747 |       0 |   0.0 |      35 |       0 |   0.0
    Swamp:4 |   16189 |    6365 |  28.2 |      24 |      30 |  55.6
   Spider:1 |   16410 |    5698 |  25.8 |      32 |      11 |  25.6
   Spider:2 |   14846 |       0 |   0.0 |      40 |       0 |   0.0
   Spider:3 |   18700 |    7800 |  29.4 |      44 |       9 |  17.0
   Spider:4 |   15004 |   18928 |  55.8 |      31 |      37 |  54.4
    Slime:1 |    7895 |       0 |   0.0 |      13 |       0 |   0.0
    Slime:2 |    2540 |       0 |   0.0 |       6 |       0 |   0.0
    Slime:3 |    3846 |       0 |   0.0 |       6 |       0 |   0.0
    Slime:4 |    9812 |     946 |   8.8 |      16 |       4 |  20.0
    Slime:5 |    9230 |   36186 |  79.7 |      12 |      24 |  66.7
      Orc:1 |    6810 |    2288 |  25.1 |      50 |      18 |  26.5
      Orc:2 |    2142 |    8591 |  80.0 |      25 |      37 |  59.7
      Elf:1 |   10794 |   26793 |  71.3 |      21 |      43 |  67.2
      Elf:2 |   12216 |     818 |   6.3 |      18 |       1 |   5.3
      Elf:3 |    8602 |   29016 |  77.1 |      15 |      25 |  62.5
   Vaults:1 |   30241 |   12357 |  29.0 |      47 |      17 |  26.6
   Vaults:2 |   23505 |   27388 |  53.8 |      38 |      38 |  50.0
   Vaults:3 |   15276 |    9810 |  39.1 |      27 |      13 |  32.5
   Vaults:4 |   21746 |   24092 |  52.6 |      31 |      27 |  46.6
   Vaults:5 |   31938 |  105386 |  76.7 |      49 |      93 |  65.5
    Crypt:1 |   33394 |    2371 |   6.6 |      52 |       3 |   5.5
    Crypt:2 |   20997 |       0 |   0.0 |      32 |       0 |   0.0
    Crypt:3 |   28928 |   30728 |  51.5 |      41 |      64 |  61.0
     Tomb:1 |   27885 |  104494 |  78.9 |      47 |      57 |  54.8
     Tomb:2 |   17683 |   31963 |  64.4 |      31 |      39 |  55.7
     Tomb:3 |   30217 |   71063 |  70.2 |      53 |      59 |  52.7
   Depths:1 |   32501 |    9750 |  23.1 |      42 |      27 |  39.1
   Depths:2 |   14443 |   39259 |  73.1 |      17 |      39 |  69.6
   Depths:3 |   20258 |   26326 |  56.5 |      23 |      24 |  51.1
   Depths:4 |   23427 |   16367 |  41.1 |      22 |      15 |  40.5
      Zot:1 |   28103 |   30672 |  52.2 |      25 |      17 |  40.5
      Zot:2 |   50635 |       0 |   0.0 |      39 |       0 |   0.0
      Zot:3 |    8894 |   33723 |  79.1 |       7 |      20 |  74.1
      Zot:4 |   30676 |       0 |   0.0 |      26 |       0 |   0.0
      Zot:5 |   49255 |  117012 |  70.4 |      36 |      43 |  54.4
    Abyss:1 |    1842 |       0 |   0.0 |       2 |       0 |   0.0
    Abyss:2 |    5129 |       0 |   0.0 |      12 |       0 |   0.0
    Abyss:3 |    8781 |   10802 |  55.2 |      19 |      13 |  40.6
      Sewer |       0 |     132 | 100.0 |       0 |      24 | 100.0
     Bailey |       0 |    1569 | 100.0 |       0 |      24 | 100.0
    Volcano |       0 |    4860 | 100.0 |       0 |      20 | 100.0
     WizLab |    1798 |   43814 |  96.1 |       6 |      43 |  87.8
   Gauntlet |       0 |    3699 | 100.0 |       0 |      12 | 100.0
            +---------+---------+-------+---------+---------+-------

Skill      XL: |  1  2  3  4  5  6  7  8  9 10 11 12 13 14 15 16 17 18 19 20 21 22 23 24 25 26 27 |
---------------+----------------------------------------------------------------------------------+-----
Unarmed Combat | 3 4 5 6 7 8 10 11 12 13 16 18 19 20 21 22 | 22.0
Shapeshifting  | 3 4 5 6 9 10 11 12 13 14 21 | 21.0
Armour         | 1 2 3 4 6 8 |  8.4
Fighting       | 5 7 8 10 11 12 13 14 16 17 18 19 20 22 | 22.0
Dodging        | 5 7 8 9 11 14 16 17 18 19 20 21 | 21.0
Evocations     | 2 4 5 6 8 9 16 | 16.5
Shields        | 1 3 8 10 11 12 13 14 15 17 18 | 18.9
Throwing       | 2 8 12 14 | 14.6
Stealth        | 3 5 7 |  7.0
Spellcasting   | 5 9 10 11 12 13 | 13.0
Air Magic      | 3 7 9 11 | 11.0
Conjurations   | 3 7 9 11 | 11.0
Translocations | 2 4 6 7 8 |  8.4

Action                     |  1- 3 |  4- 6 |  7- 9 | 10-12 | 13-15 | 16-18 | 19-21 | 22-24 | 25-27 || total
---------------------------+-------+-------+-------+-------+-------+-------+-------+-------+-------++-------
  Melee: Unarmed           |    54 |   134 |   216 |   300 |  1193 |  1432 |  1239 |  1722 |  2904 ||  9194
         Kick              |    12 |    25 |    67 |   101 |   459 |   605 |   629 |   882 |  1387 ||  4167
         Peck              |     6 |    23 |    35 |    56 |   279 |   391 |   393 |   568 |   884 ||  2635
         Punch             |     1 |     4 |    11 |    13 |       |       |    57 |    32 |     2 ||   120
         Maw               |       |       |       |       |       |    76 |   269 |       |       ||   345
         Tailslap          |       |       |       |       |       |       |       |       |     3 ||     3
         Bite              |       |       |       |       |       |       |       |       |     2 ||     2
  Throw: Stone             |    18 |    16 |    49 |    29 |       |    17 |    72 |    11 |       ||   212
         Dart              |       |       |     5 |    12 |     6 |     2 |     1 |     2 |       ||    28
         Boomerang         |       |       |       |    22 |    56 |    73 |    31 |       |    43 ||   225
         Javelin           |       |       |       |       |       |       |    12 |       |    10 ||    22
   Cast: Vhi's Electric Ch |       |       |       |       |       |       |       |     3 |    50 ||    53
         Manifold Assault  |       |       |       |       |       |       |       |       |     2 ||     2
 Invoke: Serpent's Lash    |       |       |       |       |     3 |     4 |     2 |     1 |     3 ||    13
         Heavenly Storm    |       |       |       |       |     2 |     3 |     1 |     4 |     4 ||    14
Ability: Begin Untransform |     1 |       |     1 |       |     2 |     1 |     2 |     1 |     2 ||    10
         Lunge             |       |       |    16 |    69 |   175 |   164 |   147 |   186 |   273 ||  1030
         Whirlwind         |       |       |       |     3 |    57 |    95 |   101 |   499 |  1008 ||  1763
         Wall Jump         |       |       |       |       |    30 |    12 |     8 |     4 |    42 ||    96
         Siphon Essence    |       |       |       |       |       |       |       |       |     1 ||     1
  Evoke: Wand              |       |       |     8 |     5 |     7 |    10 |     3 |     5 |     6 ||    44
         Lightning rod     |       |       |       |       |       |     4 |       |       |       ||     4
         Box of beasts     |       |       |       |       |       |       |     1 |       |       ||     1
    Use: Scroll            |       |     5 |     8 |     5 |    12 |     3 |    18 |     5 |    21 ||    77
         Potion            |       |     1 |     3 |     3 |     1 |     3 |     9 |     6 |     8 ||    34
   Stab: Sleeping          |     1 |     1 |       |       |    15 |    33 |    33 |    14 |    23 ||   120
         Distracted        |       |       |       |       |     4 |     6 |     2 |    11 |    12 ||    35
         Invisible         |       |       |       |       |       |    15 |       |       |       ||    15
 Armour: Animal skin       |       |     1 |       |       |       |       |       |       |       ||     1
         Chain mail        |       |     5 |    48 |    37 |       |       |       |       |       ||    90
         Skin              |       |     5 |       |       |       |    16 |    32 |       |    49 ||   102
         Leather armour    |       |     2 |       |       |       |       |       |       |       ||     2
         Ring mail         |       |       |       |     9 |   142 |   177 |       |       |       ||   328
         Troll leather arm |       |       |       |       |       |       |    25 |    74 |   164 ||   263
  Dodge: Dodged            |    22 |    46 |    61 |   116 |   326 |   816 |   541 |   873 |  2018 ||  4819
  Block: Buckler           |       |       |       |    15 |     9 |       |       |       |       ||    24
         Kite shield       |       |       |       |       |   471 |   796 |   330 |   634 |  1544 ||  3775
         Reflection        |       |       |       |       |    12 |     4 |    16 |     8 |    23 ||    63
   Form: Beast             |     1 |       |     1 |       |     1 |       |       |       |       ||     3
         Anaconda          |       |       |       |       |       |     1 |       |       |       ||     1
         Maw               |       |       |       |       |       |     1 |       |       |       ||     1
         Blade             |       |       |       |       |       |       |     1 |     1 |       ||     2
         Statue            |       |       |       |       |       |       |       |       |     1 ||     1
         Dragon            |       |       |       |       |       |       |       |       |     1 ||     1
         Death             |       |       |       |       |       |       |       |       |     1 ||     1

Illustrated notes

Table legend:
 A = Kills in this place as a percentage of kills in the entire game.
 B = Kills by you in this place as a percentage of kills by you in the entire game.
 C = Kills by friends in this place as a percentage of kills by friends in the entire game.
 D = Other kills in this place as a percentage of other kills in the entire game.
 E = Experience gained in this place as a percentage of experience gained in the entire game.
 F = Experience gained in this place divided by the number of levels of this place that you have seen.
                   A       B       C       D       E      F
               +-------+-------+-------+-------+-------+----------------------
         Total | 100.0 | 100.0 | 100.0 | 100.0 | 100.0 | 26742.9
       Dungeon |  14.7 |  14.8 |   0.0 |   0.0 |   4.4 | 5219.7
          Lair |   6.5 |   6.6 |   0.0 |   0.0 |   3.0 | 10576.8
         Swamp |   4.8 |   4.8 |   0.0 |  16.7 |   3.6 | 16173.8
   Spider Nest |   7.5 |   7.6 |   0.0 |   0.0 |   5.4 | 24346.5
    Slime Pits |   3.0 |   3.0 |   0.0 |   0.0 |   3.9 | 14091.0
  Orcish Mines |   4.8 |   4.8 |   0.0 |   0.0 |   1.1 | 9915.5
   Elven Halls |   4.5 |   4.5 |   0.0 |  33.3 |   4.9 | 29413.0
        Vaults |  14.0 |  14.1 |   0.0 |   0.0 |  16.8 | 60347.8
         Crypt |   7.1 |   7.1 |   0.0 |   0.0 |   6.5 | 38806.0
          Tomb |  10.6 |  10.6 |   0.0 |  16.7 |  15.8 | 94435.0
        Depths |   7.9 |   7.9 |   0.0 |  16.7 |  10.4 | 46632.0
           Zot |   8.0 |   8.0 |   0.0 |  16.7 |  19.5 | 69914.6
         Abyss |   1.7 |   1.7 |   0.0 |   0.0 |   1.5 | 8851.3
         Sewer |   0.9 |   0.9 |   0.0 |   0.0 |   0.0 | 132.0
        Bailey |   0.9 |   0.9 |   0.0 |   0.0 |   0.1 | 1569.0
       Volcano |   0.7 |   0.7 |   0.0 |   0.0 |   0.3 | 4860.0
        Wizlab |   1.8 |   1.8 | 100.0 |   0.0 |   2.5 | 45612.0
      Gauntlet |   0.4 |   0.4 |   0.0 |   0.0 |   0.2 | 3699.0
               +-------+-------+-------+-------+-------+----------------------

Table legend: (Time is in decaauts)
 A = Elapsed time spent in this place.
 B = Non-inter-level travel time spent in this place.
 C = Inter-level travel time spent in this place.
 D = Time resting spent in this place.
 E = Time spent auto-exploring this place.
 F = Levels seen in this place.
 G = Mean time per level.
                   A        B        C        D        E       F      G
               +--------+--------+--------+--------+--------+-----+--------+
         Total |  63154 |  55595 |   7559 |   2980 |  35400 |  67 |  942.6 |
       Dungeon |  17555 |  15084 |   2471 |   1011 |  10832 |  15 | 1170.3 |
        Temple |    251 |    238 |     13 |      0 |    188 |   1 |  251.0 |
          Lair |   6525 |   5672 |    853 |     72 |   3991 |   5 | 1305.0 |
         Swamp |   2927 |   2774 |    153 |    185 |   1584 |   4 |  731.8 |
   Spider Nest |   4871 |   4451 |    420 |    205 |   2926 |   4 | 1217.8 |
    Slime Pits |   1894 |   1721 |    173 |    261 |    535 |   5 |  378.8 |
  Orcish Mines |   1773 |   1581 |    192 |     75 |   1031 |   2 |  886.5 |
   Elven Halls |   2485 |   2347 |    138 |     66 |   1645 |   3 |  828.3 |
        Vaults |   7204 |   5838 |   1366 |     99 |   3901 |   5 | 1440.8 |
         Crypt |   2753 |   2435 |    318 |     24 |   1504 |   3 |  917.7 |
          Tomb |   3693 |   3197 |    496 |     28 |   1941 |   3 | 1231.0 |
        Depths |   4801 |   4272 |    529 |    452 |   2478 |   4 | 1200.2 |
           Zot |   2893 |   2462 |    431 |     21 |   1261 |   5 |  578.6 |
         Abyss |    528 |    528 |      0 |     45 |    138 |   3 |  176.0 |
         Sewer |    255 |    255 |      0 |     10 |    154 |   1 |  255.0 |
        Bailey |    365 |    365 |      0 |      4 |    177 |   1 |  365.0 |
       Volcano |    578 |    578 |      0 |    278 |    168 |   1 |  578.0 |
        Wizlab |   1371 |   1371 |      0 |    122 |    855 |   1 | 1371.0 |
      Gauntlet |    424 |    424 |      0 |     13 |     82 |   1 |  424.0 |
               +--------+--------+--------+--------+--------+-----+--------+

Top non-repeatable levels by time:
  Tomb:1: 2544 daAuts
    D:15: 1705 daAuts
Vaults:3: 1558 daAuts
Spider:3: 1549 daAuts
Vaults:2: 1513 daAuts
Depths:2: 1503 daAuts
Spider:1: 1498 daAuts
    D:11: 1487 daAuts
Vaults:5: 1476 daAuts
  Lair:5: 1475 daAuts
  Lair:1: 1454 daAuts
     D:4: 1447 daAuts
    D:10: 1396 daAuts
Vaults:1: 1395 daAuts
     D:2: 1384 daAuts
